Workbook
Name arribaCOMPARACIÓN: Comparación!$A$4:$A$68
Name arribaCONFIG: DATOS!$A$3:$A$137
Name arribaPEPS: PEPS!$A$9:$A$144
Name arribaPROMEDIO: Promedio!$A$9:$A$81
Name arribaUEPS: UEPS!$A$9:$A$154
Name infoCO: DATOS!$A$299:$A$325
Name infoCOMPARACION: Comparación!$A$677:$A$736
Name infoPEPS: PEPS!$A$281:$A$349
Name InfoPROMEDIO: Promedio!$A$281:$A$357
Name infotutti: DATOS!$A$299:$A$490
Name infoUEPS: UEPS!$A$281:$A$344
Name ingoGRL: DATOS!$A$326:$A$385

Sheet i
V4: =TODAY() -> 45942
F5: VALORACIÓN de EXISTENCIAS
F6: Métodos de valuación de inventarios comparados.
F7: Denominación : | H7: =+DATOS!G7 -> MI Empresa | L7: Fecha : | M7: =TODAY() -> 45942
F8: Notas

Sheet DATOS
C2: CONFIGURACIÓN y DATOS
C4: Introduce aquí los datos básicos para que el libro haga los cálculos
C5: Esta hoja sirve para configurar los aspectos básicos con los que vas a trabajar, hazlo antes de comenzar.
E7: Denominación | G7: MI Empresa | I7: < Indica el nombre de la Empresa.
E9: Nº unidades INICIAL | I9: < Pon el nº de unidades INICIALES en almacén.
E11: Coste Unitario INICIAL | I11: < Pon el coste unitario INICIAL.
E13: Saldo INICIAL | G13: =G9*G11 -> 0
C15: Datos
C17: Introduce los datos para la valoración del inventario (celdas con fondo blanco).
E19: FECHA | F19: ENTRADAS | H19: SALIDAS | I19: Concepto | J19: DOCUMENTO
F20: Unid. | G20: Precio U | H20: Unid. | J20: Ref | K20: Nº Fact | O20: Cálculos
O21: =IF(AND(F21=0,H21=0),0,IF(F21<>0,$Q$21,$Q$22)) -> 0 | P21: ENTRADA | Q21: E
O22: =IF(AND(F22=0,H22=0),0,IF(F22<>0,$Q$21,$Q$22)) -> 0 | P22: SALIDA | Q22: S
O23: =IF(AND(F23=0,H23=0),0,IF(F23<>0,$Q$21,$Q$22)) -> 0
O24: =IF(AND(F24=0,H24=0),0,IF(F24<>0,$Q$21,$Q$22)) -> 0
O25: =IF(AND(F25=0,H25=0),0,IF(F25<>0,$Q$21,$Q$22)) -> 0
O26: =IF(AND(F26=0,H26=0),0,IF(F26<>0,$Q$21,$Q$22)) -> 0
O27: =IF(AND(F27=0,H27=0),0,IF(F27<>0,$Q$21,$Q$22)) -> 0
O28: =IF(AND(F28=0,H28=0),0,IF(F28<>0,$Q$21,$Q$22)) -> 0
O29: =IF(AND(F29=0,H29=0),0,IF(F29<>0,$Q$21,$Q$22)) -> 0
O30: =IF(AND(F30=0,H30=0),0,IF(F30<>0,$Q$21,$Q$22)) -> 0
O31: =IF(AND(F31=0,H31=0),0,IF(F31<>0,$Q$21,$Q$22)) -> 0
O32: =IF(AND(F32=0,H32=0),0,IF(F32<>0,$Q$21,$Q$22)) -> 0
O33: =IF(AND(F33=0,H33=0),0,IF(F33<>0,$Q$21,$Q$22)) -> 0
O34: =IF(AND(F34=0,H34=0),0,IF(F34<>0,$Q$21,$Q$22)) -> 0
... O39: =IF(AND(F39=0,H39=0),0,IF(F39<>0,$Q$21,$Q$22)) -> 0
C40: Más filas↓ | O40: =IF(AND(F40=0,H40=0),0,IF(F40<>0,$Q$21,$Q$22)) -> 0
O41: =IF(AND(F41=0,H41=0),0,IF(F41<>0,$Q$21,$Q$22)) -> 0
O42: =IF(AND(F42=0,H42=0),0,IF(F42<>0,$Q$21,$Q$22)) -> 0
O43: =IF(AND(F43=0,H43=0),0,IF(F43<>0,$Q$21,$Q$22)) -> 0
O44: =IF(AND(F44=0,H44=0),0,IF(F44<>0,$Q$21,$Q$22)) -> 0
O45: =IF(AND(F45=0,H45=0),0,IF(F45<>0,$Q$21,$Q$22)) -> 0
O46: =IF(AND(F46=0,H46=0),0,IF(F46<>0,$Q$21,$Q$22)) -> 0
O47: =IF(AND(F47=0,H47=0),0,IF(F47<>0,$Q$21,$Q$22)) -> 0
O48: =IF(AND(F48=0,H48=0),0,IF(F48<>0,$Q$21,$Q$22)) -> 0
O49: =IF(AND(F49=0,H49=0),0,IF(F49<>0,$Q$21,$Q$22)) -> 0
O50: =IF(AND(F50=0,H50=0),0,IF(F50<>0,$Q$21,$Q$22)) -> 0
O51: =IF(AND(F51=0,H51=0),0,IF(F51<>0,$Q$21,$Q$22)) -> 0
O52: =IF(AND(F52=0,H52=0),0,IF(F52<>0,$Q$21,$Q$22)) -> 0
... O119: =IF(AND(F119=0,H119=0),0,IF(F119<>0,$Q$21,$Q$22)) -> 0
C120: mostrar | O120: =IF(AND(F120=0,H120=0),0,IF(F120<>0,$Q$21,$Q$22)) -> 0
D300: Uso de la hoja
D302: Hoja de Configuración e introducción de datos.
D303: Aquí debes introducir todos los movimientos de inventario.
D304: Debes incluir:
D305: En la primera parte:
D306: - DENOMINACIÓN: Nombre de la empresa (corto).
D307: - Nº UNIDADES INICIAL: Unidades en almacén al inicio de la valuación.
D308: - COSTE UNITARIO INICIAL: Coste unitario al inicio.
D309: En la segunda parte:
D310: - FECHA: correspondiente al movimiento.
D311: - ENTRADAS: indica el nº de unidades y el precio unitario.
D312: - SALIDAS: indica el nº de unidades.
... D329: El libro consta de 6 hojas:
E331: 1ª- Portada.
E332: 2ª- DATOS. Hoja de introducción de datos.
E333: 3ª- Promedio. Cálculo de la Valuación por el método "promedio".
E334: 4ª- PEPS. Cálculo de la Valuación por el método "PEPS".
E335: 5ª- UEPS. Cálculo de la Valuación por el método "UEPS".
E336: 6ª- Comparación. Hoja de comparación de resultados de los 3 métodos.
D338: La valuación de inventarios es el proceso en que se selecciona y se aplica una base específica para valuar los
D339: inventarios en términos monetarios. En este libro tienes 3 métodos de valuación de inventarios que son
D340: los que más comúnmente se utilizan en las empresas.
D342: Método Promedio
D343: Este es el método más utilizado por las empresas y consiste en calcular el costo promedio unitario de los artículos.
D345: Método PEPS: Primeras entradas primeras salidas (en inglés FIFO).
D346: En este método los primeros artículos en entrar al inventario son los primeros en ser vendidos (costo de ventas)
D347: o consumidos (costo de producción). El inventario final está formado por los últimos artículos que entraron
D348: a formar parte de los inventarios.
D350: Método UEPS: Últimas entradas primeras salidas (en inglés LIFO).
D351: El método UEPS para calcular el costo del inventario es el opuesto del método PEPS.
D352: Los últimos artículos que entraron a formar parte del inventario son los primeros en venderse o consumirse. En
... D383: Dudas, consultas o asistencia: atencion@e.ditor.com

Sheet Promedio
E2: =DATOS!$G$7 -> MI Empresa | H2: Valoración existencias - MÉTODO PROMEDIO
D4: exist. iniciales | G4: compras | K4: existencias final | O4: coste de ventas | S4: =IF(H117=0,"ok. Correcto","") -> ok. Correcto
D5: =$Q$9 -> 0 | G5: =$I$110 -> 0 | K5: =$Q$110 -> 0 | O5: =D5+G5-K5 -> 0 | S5: =IF(H117<>0,"No cuadra","")
D7: Nº | E7: fecha | G7: entradas | K7: salidas | O7: existencias (saldos) | S7: concepto | T7: registro
G8: Unidades | H8: Precio U | I8: Total | K8: Unidades | L8: Precio U | M8: Total | O8: Unidades | P8: Precio U | Q8: Total | T8: Referencia | U8: Nº Doc
O9: =DATOS!$G$9 -> 0 | P9: =DATOS!$G$11 -> 0 | Q9: =DATOS!$G$13 -> 0 | S9: =DATOS!$E$13 -> Saldo INICIAL
D10: 1 | E10: =IF(DATOS!E21=0,"",DATOS!E21) | G10: =IF(DATOS!O21=DATOS!$Q$21,DATOS!F21,0) -> 0 | H10: =IF(DATOS!O21=DATOS!$Q$21,DATOS!G21,0) -> 0 | I10: =G10*H10 -> 0 | K10: =IF(DATOS!O21=DATOS!$Q$22,DATOS!H21,0) -> 0 | L10: =IF(K10<>"",P9,0) -> 0 | M10: =K10*L10 -> 0 | O10: =IF(AND(G10=0,K10=0),O9,IF(G10<>0,O9+G10,O9-K10)) -> 0 | P10: =(IF(AND(G10=0,K10=0),P9,IF(G10<>0,(Q9+I10)/O10,P9))) -> 0 | Q10: =IF(O10*P10=0,0,O10*P10) -> 0 | S10: =IF(DATOS!I21=0,"",DATOS!I21) | T10: =IF(DATOS!J21=0,"",DATOS!J21) | U10: =IF(DATOS!K21=0,"",DATOS!K21)
D11: 2 | E11: =IF(DATOS!E22=0,"",DATOS!E22) | G11: =IF(DATOS!O22=DATOS!$Q$21,DATOS!F22,0) -> 0 | H11: =IF(DATOS!O22=DATOS!$Q$21,DATOS!G22,0) -> 0 | I11: =G11*H11 -> 0 | K11: =IF(DATOS!O22=DATOS!$Q$22,DATOS!H22,0) -> 0 | L11: =IF(K11<>"",P10,0) -> 0 | M11: =K11*L11 -> 0 | O11: =IF(AND(G11=0,K11=0),O10,IF(G11<>0,O10+G11,O10-K11)) -> 0 | P11: =(IF(AND(G11=0,K11=0),P10,IF(G11<>0,(Q10+I11)/O11,P10))) -> 0 | Q11: =IF(O11*P11=0,0,O11*P11) -> 0 | S11: =IF(DATOS!I22=0,"",DATOS!I22) | T11: =IF(DATOS!J22=0,"",DATOS!J22) | U11: =IF(DATOS!K22=0,"",DATOS!K22)
D12: 3 | E12: =IF(DATOS!E23=0,"",DATOS!E23) | G12: =IF(DATOS!O23=DATOS!$Q$21,DATOS!F23,0) -> 0 | H12: =IF(DATOS!O23=DATOS!$Q$21,DATOS!G23,0) -> 0 | I12: =G12*H12 -> 0 | K12: =IF(DATOS!O23=DATOS!$Q$22,DATOS!H23,0) -> 0 | L12: =IF(K12<>"",P11,0) -> 0 | M12: =K12*L12 -> 0 | O12: =IF(AND(G12=0,K12=0),O11,IF(G12<>0,O11+G12,O11-K12)) -> 0 | P12: =(IF(AND(G12=0,K12=0),P11,IF(G12<>0,(Q11+I12)/O12,P11))) -> 0 | Q12: =IF(O12*P12=0,0,O12*P12) -> 0 | S12: =IF(DATOS!I23=0,"",DATOS!I23) | T12: =IF(DATOS!J23=0,"",DATOS!J23) | U12: =IF(DATOS!K23=0,"",DATOS!K23)
D13: 4 | E13: =IF(DATOS!E24=0,"",DATOS!E24) | G13: =IF(DATOS!O24=DATOS!$Q$21,DATOS!F24,0) -> 0 | H13: =IF(DATOS!O24=DATOS!$Q$21,DATOS!G24,0) -> 0 | I13: =G13*H13 -> 0 | K13: =IF(DATOS!O24=DATOS!$Q$22,DATOS!H24,0) -> 0 | L13: =IF(K13<>"",P12,0) -> 0 | M13: =K13*L13 -> 0 | O13: =IF(AND(G13=0,K13=0),O12,IF(G13<>0,O12+G13,O12-K13)) -> 0 | P13: =(IF(AND(G13=0,K13=0),P12,IF(G13<>0,(Q12+I13)/O13,P12))) -> 0 | Q13: =IF(O13*P13=0,0,O13*P13) -> 0 | S13: =IF(DATOS!I24=0,"",DATOS!I24) | T13: =IF(DATOS!J24=0,"",DATOS!J24) | U13: =IF(DATOS!K24=0,"",DATOS!K24)
D14: 5 | E14: =IF(DATOS!E25=0,"",DATOS!E25) | G14: =IF(DATOS!O25=DATOS!$Q$21,DATOS!F25,0) -> 0 | H14: =IF(DATOS!O25=DATOS!$Q$21,DATOS!G25,0) -> 0 | I14: =G14*H14 -> 0 | K14: =IF(DATOS!O25=DATOS!$Q$22,DATOS!H25,0) -> 0 | L14: =IF(K14<>"",P13,0) -> 0 | M14: =K14*L14 -> 0 | O14: =IF(AND(G14=0,K14=0),O13,IF(G14<>0,O13+G14,O13-K14)) -> 0 | P14: =(IF(AND(G14=0,K14=0),P13,IF(G14<>0,(Q13+I14)/O14,P13))) -> 0 | Q14: =IF(O14*P14=0,0,O14*P14) -> 0 | S14: =IF(DATOS!I25=0,"",DATOS!I25) | T14: =IF(DATOS!J25=0,"",DATOS!J25) | U14: =IF(DATOS!K25=0,"",DATOS!K25)
D15: 6 | E15: =IF(DATOS!E26=0,"",DATOS!E26) | G15: =IF(DATOS!O26=DATOS!$Q$21,DATOS!F26,0) -> 0 | H15: =IF(DATOS!O26=DATOS!$Q$21,DATOS!G26,0) -> 0 | I15: =G15*H15 -> 0 | K15: =IF(DATOS!O26=DATOS!$Q$22,DATOS!H26,0) -> 0 | L15: =IF(K15<>"",P14,0) -> 0 | M15: =K15*L15 -> 0 | O15: =IF(AND(G15=0,K15=0),O14,IF(G15<>0,O14+G15,O14-K15)) -> 0 | P15: =(IF(AND(G15=0,K15=0),P14,IF(G15<>0,(Q14+I15)/O15,P14))) -> 0 | Q15: =IF(O15*P15=0,0,O15*P15) -> 0 | S15: =IF(DATOS!I26=0,"",DATOS!I26) | T15: =IF(DATOS!J26=0,"",DATOS!J26) | U15: =IF(DATOS!K26=0,"",DATOS!K26)
D16: 7 | E16: =IF(DATOS!E27=0,"",DATOS!E27) | G16: =IF(DATOS!O27=DATOS!$Q$21,DATOS!F27,0) -> 0 | H16: =IF(DATOS!O27=DATOS!$Q$21,DATOS!G27,0) -> 0 | I16: =G16*H16 -> 0 | K16: =IF(DATOS!O27=DATOS!$Q$22,DATOS!H27,0) -> 0 | L16: =IF(K16<>"",P15,0) -> 0 | M16: =K16*L16 -> 0 | O16: =IF(AND(G16=0,K16=0),O15,IF(G16<>0,O15+G16,O15-K16)) -> 0 | P16: =(IF(AND(G16=0,K16=0),P15,IF(G16<>0,(Q15+I16)/O16,P15))) -> 0 | Q16: =IF(O16*P16=0,0,O16*P16) -> 0 | S16: =IF(DATOS!I27=0,"",DATOS!I27) | T16: =IF(DATOS!J27=0,"",DATOS!J27) | U16: =IF(DATOS!K27=0,"",DATOS!K27)
D17: 8 | E17: =IF(DATOS!E28=0,"",DATOS!E28) | G17: =IF(DATOS!O28=DATOS!$Q$21,DATOS!F28,0) -> 0 | H17: =IF(DATOS!O28=DATOS!$Q$21,DATOS!G28,0) -> 0 | I17: =G17*H17 -> 0 | K17: =IF(DATOS!O28=DATOS!$Q$22,DATOS!H28,0) -> 0 | L17: =IF(K17<>"",P16,0) -> 0 | M17: =K17*L17 -> 0 | O17: =IF(AND(G17=0,K17=0),O16,IF(G17<>0,O16+G17,O16-K17)) -> 0 | P17: =(IF(AND(G17=0,K17=0),P16,IF(G17<>0,(Q16+I17)/O17,P16))) -> 0 | Q17: =IF(O17*P17=0,0,O17*P17) -> 0 | S17: =IF(DATOS!I28=0,"",DATOS!I28) | T17: =IF(DATOS!J28=0,"",DATOS!J28) | U17: =IF(DATOS!K28=0,"",DATOS!K28)
D18: 9 | E18: =IF(DATOS!E29=0,"",DATOS!E29) | G18: =IF(DATOS!O29=DATOS!$Q$21,DATOS!F29,0) -> 0 | H18: =IF(DATOS!O29=DATOS!$Q$21,DATOS!G29,0) -> 0 | I18: =G18*H18 -> 0 | K18: =IF(DATOS!O29=DATOS!$Q$22,DATOS!H29,0) -> 0 | L18: =IF(K18<>"",P17,0) -> 0 | M18: =K18*L18 -> 0 | O18: =IF(AND(G18=0,K18=0),O17,IF(G18<>0,O17+G18,O17-K18)) -> 0 | P18: =(IF(AND(G18=0,K18=0),P17,IF(G18<>0,(Q17+I18)/O18,P17))) -> 0 | Q18: =IF(O18*P18=0,0,O18*P18) -> 0 | S18: =IF(DATOS!I29=0,"",DATOS!I29) | T18: =IF(DATOS!J29=0,"",DATOS!J29) | U18: =IF(DATOS!K29=0,"",DATOS!K29)
D19: 10 | E19: =IF(DATOS!E30=0,"",DATOS!E30) | G19: =IF(DATOS!O30=DATOS!$Q$21,DATOS!F30,0) -> 0 | H19: =IF(DATOS!O30=DATOS!$Q$21,DATOS!G30,0) -> 0 | I19: =G19*H19 -> 0 | K19: =IF(DATOS!O30=DATOS!$Q$22,DATOS!H30,0) -> 0 | L19: =IF(K19<>"",P18,0) -> 0 | M19: =K19*L19 -> 0 | O19: =IF(AND(G19=0,K19=0),O18,IF(G19<>0,O18+G19,O18-K19)) -> 0 | P19: =(IF(AND(G19=0,K19=0),P18,IF(G19<>0,(Q18+I19)/O19,P18))) -> 0 | Q19: =IF(O19*P19=0,0,O19*P19) -> 0 | S19: =IF(DATOS!I30=0,"",DATOS!I30) | T19: =IF(DATOS!J30=0,"",DATOS!J30) | U19: =IF(DATOS!K30=0,"",DATOS!K30)
D20: 11 | E20: =IF(DATOS!E31=0,"",DATOS!E31) | G20: =IF(DATOS!O31=DATOS!$Q$21,DATOS!F31,0) -> 0 | H20: =IF(DATOS!O31=DATOS!$Q$21,DATOS!G31,0) -> 0 | I20: =G20*H20 -> 0 | K20: =IF(DATOS!O31=DATOS!$Q$22,DATOS!H31,0) -> 0 | L20: =IF(K20<>"",P19,0) -> 0 | M20: =K20*L20 -> 0 | O20: =IF(AND(G20=0,K20=0),O19,IF(G20<>0,O19+G20,O19-K20)) -> 0 | P20: =(IF(AND(G20=0,K20=0),P19,IF(G20<>0,(Q19+I20)/O20,P19))) -> 0 | Q20: =IF(O20*P20=0,0,O20*P20) -> 0 | S20: =IF(DATOS!I31=0,"",DATOS!I31) | T20: =IF(DATOS!J31=0,"",DATOS!J31) | U20: =IF(DATOS!K31=0,"",DATOS!K31)
D21: 12 | E21: =IF(DATOS!E32=0,"",DATOS!E32) | G21: =IF(DATOS!O32=DATOS!$Q$21,DATOS!F32,0) -> 0 | H21: =IF(DATOS!O32=DATOS!$Q$21,DATOS!G32,0) -> 0 | I21: =G21*H21 -> 0 | K21: =IF(DATOS!O32=DATOS!$Q$22,DATOS!H32,0) -> 0 | L21: =IF(K21<>"",P20,0) -> 0 | M21: =K21*L21 -> 0 | O21: =IF(AND(G21=0,K21=0),O20,IF(G21<>0,O20+G21,O20-K21)) -> 0 | P21: =(IF(AND(G21=0,K21=0),P20,IF(G21<>0,(Q20+I21)/O21,P20))) -> 0 | Q21: =IF(O21*P21=0,0,O21*P21) -> 0 | S21: =IF(DATOS!I32=0,"",DATOS!I32) | T21: =IF(DATOS!J32=0,"",DATOS!J32) | U21: =IF(DATOS!K32=0,"",DATOS!K32)
... D27: 18 | E27: =IF(DATOS!E38=0,"",DATOS!E38) | G27: =IF(DATOS!O38=DATOS!$Q$21,DATOS!F38,0) -> 0 | H27: =IF(DATOS!O38=DATOS!$Q$21,DATOS!G38,0) -> 0 | I27: =G27*H27 -> 0 | K27: =IF(DATOS!O38=DATOS!$Q$22,DATOS!H38,0) -> 0 | L27: =IF(K27<>"",P26,0) -> 0 | M27: =K27*L27 -> 0 | O27: =IF(AND(G27=0,K27=0),O26,IF(G27<>0,O26+G27,O26-K27)) -> 0 | P27: =(IF(AND(G27=0,K27=0),P26,IF(G27<>0,(Q26+I27)/O27,P26))) -> 0 | Q27: =IF(O27*P27=0,0,O27*P27) -> 0 | S27: =IF(DATOS!I38=0,"",DATOS!I38) | T27: =IF(DATOS!J38=0,"",DATOS!J38) | U27: =IF(DATOS!K38=0,"",DATOS!K38)
C28: ↓ | D28: 19 | E28: =IF(DATOS!E39=0,"",DATOS!E39) | G28: =IF(DATOS!O39=DATOS!$Q$21,DATOS!F39,0) -> 0 | H28: =IF(DATOS!O39=DATOS!$Q$21,DATOS!G39,0) -> 0 | I28: =G28*H28 -> 0 | K28: =IF(DATOS!O39=DATOS!$Q$22,DATOS!H39,0) -> 0 | L28: =IF(K28<>"",P27,0) -> 0 | M28: =K28*L28 -> 0 | O28: =IF(AND(G28=0,K28=0),O27,IF(G28<>0,O27+G28,O27-K28)) -> 0 | P28: =(IF(AND(G28=0,K28=0),P27,IF(G28<>0,(Q27+I28)/O28,P27))) -> 0 | Q28: =IF(O28*P28=0,0,O28*P28) -> 0 | S28: =IF(DATOS!I39=0,"",DATOS!I39) | T28: =IF(DATOS!J39=0,"",DATOS!J39) | U28: =IF(DATOS!K39=0,"",DATOS!K39)
D29: 20 | E29: =IF(DATOS!E40=0,"",DATOS!E40) | G29: =IF(DATOS!O40=DATOS!$Q$21,DATOS!F40,0) -> 0 | H29: =IF(DATOS!O40=DATOS!$Q$21,DATOS!G40,0) -> 0 | I29: =G29*H29 -> 0 | K29: =IF(DATOS!O40=DATOS!$Q$22,DATOS!H40,0) -> 0 | L29: =IF(K29<>"",P28,0) -> 0 | M29: =K29*L29 -> 0 | O29: =IF(AND(G29=0,K29=0),O28,IF(G29<>0,O28+G29,O28-K29)) -> 0 | P29: =(IF(AND(G29=0,K29=0),P28,IF(G29<>0,(Q28+I29)/O29,P28))) -> 0 | Q29: =IF(O29*P29=0,0,O29*P29) -> 0 | S29: =IF(DATOS!I40=0,"",DATOS!I40) | T29: =IF(DATOS!J40=0,"",DATOS!J40) | U29: =IF(DATOS!K40=0,"",DATOS!K40)
D30: 21 | E30: =IF(DATOS!E41=0,"",DATOS!E41) | G30: =IF(DATOS!O41=DATOS!$Q$21,DATOS!F41,0) -> 0 | H30: =IF(DATOS!O41=DATOS!$Q$21,DATOS!G41,0) -> 0 | I30: =G30*H30 -> 0 | K30: =IF(DATOS!O41=DATOS!$Q$22,DATOS!H41,0) -> 0 | L30: =IF(K30<>"",P29,0) -> 0 | M30: =K30*L30 -> 0 | O30: =IF(AND(G30=0,K30=0),O29,IF(G30<>0,O29+G30,O29-K30)) -> 0 | P30: =(IF(AND(G30=0,K30=0),P29,IF(G30<>0,(Q29+I30)/O30,P29))) -> 0 | Q30: =IF(O30*P30=0,0,O30*P30) -> 0 | S30: =IF(DATOS!I41=0,"",DATOS!I41) | T30: =IF(DATOS!J41=0,"",DATOS!J41) | U30: =IF(DATOS!K41=0,"",DATOS!K41)
D31: 22 | E31: =IF(DATOS!E42=0,"",DATOS!E42) | G31: =IF(DATOS!O42=DATOS!$Q$21,DATOS!F42,0) -> 0 | H31: =IF(DATOS!O42=DATOS!$Q$21,DATOS!G42,0) -> 0 | I31: =G31*H31 -> 0 | K31: =IF(DATOS!O42=DATOS!$Q$22,DATOS!H42,0) -> 0 | L31: =IF(K31<>"",P30,0) -> 0 | M31: =K31*L31 -> 0 | O31: =IF(AND(G31=0,K31=0),O30,IF(G31<>0,O30+G31,O30-K31)) -> 0 | P31: =(IF(AND(G31=0,K31=0),P30,IF(G31<>0,(Q30+I31)/O31,P30))) -> 0 | Q31: =IF(O31*P31=0,0,O31*P31) -> 0 | S31: =IF(DATOS!I42=0,"",DATOS!I42) | T31: =IF(DATOS!J42=0,"",DATOS!J42) | U31: =IF(DATOS!K42=0,"",DATOS!K42)
D32: 23 | E32: =IF(DATOS!E43=0,"",DATOS!E43) | G32: =IF(DATOS!O43=DATOS!$Q$21,DATOS!F43,0) -> 0 | H32: =IF(DATOS!O43=DATOS!$Q$21,DATOS!G43,0) -> 0 | I32: =G32*H32 -> 0 | K32: =IF(DATOS!O43=DATOS!$Q$22,DATOS!H43,0) -> 0 | L32: =IF(K32<>"",P31,0) -> 0 | M32: =K32*L32 -> 0 | O32: =IF(AND(G32=0,K32=0),O31,IF(G32<>0,O31+G32,O31-K32)) -> 0 | P32: =(IF(AND(G32=0,K32=0),P31,IF(G32<>0,(Q31+I32)/O32,P31))) -> 0 | Q32: =IF(O32*P32=0,0,O32*P32) -> 0 | S32: =IF(DATOS!I43=0,"",DATOS!I43) | T32: =IF(DATOS!J43=0,"",DATOS!J43) | U32: =IF(DATOS!K43=0,"",DATOS!K43)
D33: 24 | E33: =IF(DATOS!E44=0,"",DATOS!E44) | G33: =IF(DATOS!O44=DATOS!$Q$21,DATOS!F44,0) -> 0 | H33: =IF(DATOS!O44=DATOS!$Q$21,DATOS!G44,0) -> 0 | I33: =G33*H33 -> 0 | K33: =IF(DATOS!O44=DATOS!$Q$22,DATOS!H44,0) -> 0 | L33: =IF(K33<>"",P32,0) -> 0 | M33: =K33*L33 -> 0 | O33: =IF(AND(G33=0,K33=0),O32,IF(G33<>0,O32+G33,O32-K33)) -> 0 | P33: =(IF(AND(G33=0,K33=0),P32,IF(G33<>0,(Q32+I33)/O33,P32))) -> 0 | Q33: =IF(O33*P33=0,0,O33*P33) -> 0 | S33: =IF(DATOS!I44=0,"",DATOS!I44) | T33: =IF(DATOS!J44=0,"",DATOS!J44) | U33: =IF(DATOS!K44=0,"",DATOS!K44)
D34: 25 | E34: =IF(DATOS!E45=0,"",DATOS!E45) | G34: =IF(DATOS!O45=DATOS!$Q$21,DATOS!F45,0) -> 0 | H34: =IF(DATOS!O45=DATOS!$Q$21,DATOS!G45,0) -> 0 | I34: =G34*H34 -> 0 | K34: =IF(DATOS!O45=DATOS!$Q$22,DATOS!H45,0) -> 0 | L34: =IF(K34<>"",P33,0) -> 0 | M34: =K34*L34 -> 0 | O34: =IF(AND(G34=0,K34=0),O33,IF(G34<>0,O33+G34,O33-K34)) -> 0 | P34: =(IF(AND(G34=0,K34=0),P33,IF(G34<>0,(Q33+I34)/O34,P33))) -> 0 | Q34: =IF(O34*P34=0,0,O34*P34) -> 0 | S34: =IF(DATOS!I45=0,"",DATOS!I45) | T34: =IF(DATOS!J45=0,"",DATOS!J45) | U34: =IF(DATOS!K45=0,"",DATOS!K45)
D35: 26 | E35: =IF(DATOS!E46=0,"",DATOS!E46) | G35: =IF(DATOS!O46=DATOS!$Q$21,DATOS!F46,0) -> 0 | H35: =IF(DATOS!O46=DATOS!$Q$21,DATOS!G46,0) -> 0 | I35: =G35*H35 -> 0 | K35: =IF(DATOS!O46=DATOS!$Q$22,DATOS!H46,0) -> 0 | L35: =IF(K35<>"",P34,0) -> 0 | M35: =K35*L35 -> 0 | O35: =IF(AND(G35=0,K35=0),O34,IF(G35<>0,O34+G35,O34-K35)) -> 0 | P35: =(IF(AND(G35=0,K35=0),P34,IF(G35<>0,(Q34+I35)/O35,P34))) -> 0 | Q35: =IF(O35*P35=0,0,O35*P35) -> 0 | S35: =IF(DATOS!I46=0,"",DATOS!I46) | T35: =IF(DATOS!J46=0,"",DATOS!J46) | U35: =IF(DATOS!K46=0,"",DATOS!K46)
D36: 27 | E36: =IF(DATOS!E47=0,"",DATOS!E47) | G36: =IF(DATOS!O47=DATOS!$Q$21,DATOS!F47,0) -> 0 | H36: =IF(DATOS!O47=DATOS!$Q$21,DATOS!G47,0) -> 0 | I36: =G36*H36 -> 0 | K36: =IF(DATOS!O47=DATOS!$Q$22,DATOS!H47,0) -> 0 | L36: =IF(K36<>"",P35,0) -> 0 | M36: =K36*L36 -> 0 | O36: =IF(AND(G36=0,K36=0),O35,IF(G36<>0,O35+G36,O35-K36)) -> 0 | P36: =(IF(AND(G36=0,K36=0),P35,IF(G36<>0,(Q35+I36)/O36,P35))) -> 0 | Q36: =IF(O36*P36=0,0,O36*P36) -> 0 | S36: =IF(DATOS!I47=0,"",DATOS!I47) | T36: =IF(DATOS!J47=0,"",DATOS!J47) | U36: =IF(DATOS!K47=0,"",DATOS!K47)
D37: 28 | E37: =IF(DATOS!E48=0,"",DATOS!E48) | G37: =IF(DATOS!O48=DATOS!$Q$21,DATOS!F48,0) -> 0 | H37: =IF(DATOS!O48=DATOS!$Q$21,DATOS!G48,0) -> 0 | I37: =G37*H37 -> 0 | K37: =IF(DATOS!O48=DATOS!$Q$22,DATOS!H48,0) -> 0 | L37: =IF(K37<>"",P36,0) -> 0 | M37: =K37*L37 -> 0 | O37: =IF(AND(G37=0,K37=0),O36,IF(G37<>0,O36+G37,O36-K37)) -> 0 | P37: =(IF(AND(G37=0,K37=0),P36,IF(G37<>0,(Q36+I37)/O37,P36))) -> 0 | Q37: =IF(O37*P37=0,0,O37*P37) -> 0 | S37: =IF(DATOS!I48=0,"",DATOS!I48) | T37: =IF(DATOS!J48=0,"",DATOS!J48) | U37: =IF(DATOS!K48=0,"",DATOS!K48)
D38: 29 | E38: =IF(DATOS!E49=0,"",DATOS!E49) | G38: =IF(DATOS!O49=DATOS!$Q$21,DATOS!F49,0) -> 0 | H38: =IF(DATOS!O49=DATOS!$Q$21,DATOS!G49,0) -> 0 | I38: =G38*H38 -> 0 | K38: =IF(DATOS!O49=DATOS!$Q$22,DATOS!H49,0) -> 0 | L38: =IF(K38<>"",P37,0) -> 0 | M38: =K38*L38 -> 0 | O38: =IF(AND(G38=0,K38=0),O37,IF(G38<>0,O37+G38,O37-K38)) -> 0 | P38: =(IF(AND(G38=0,K38=0),P37,IF(G38<>0,(Q37+I38)/O38,P37))) -> 0 | Q38: =IF(O38*P38=0,0,O38*P38) -> 0 | S38: =IF(DATOS!I49=0,"",DATOS!I49) | T38: =IF(DATOS!J49=0,"",DATOS!J49) | U38: =IF(DATOS!K49=0,"",DATOS!K49)
D39: 30 | E39: =IF(DATOS!E50=0,"",DATOS!E50) | G39: =IF(DATOS!O50=DATOS!$Q$21,DATOS!F50,0) -> 0 | H39: =IF(DATOS!O50=DATOS!$Q$21,DATOS!G50,0) -> 0 | I39: =G39*H39 -> 0 | K39: =IF(DATOS!O50=DATOS!$Q$22,DATOS!H50,0) -> 0 | L39: =IF(K39<>"",P38,0) -> 0 | M39: =K39*L39 -> 0 | O39: =IF(AND(G39=0,K39=0),O38,IF(G39<>0,O38+G39,O38-K39)) -> 0 | P39: =(IF(AND(G39=0,K39=0),P38,IF(G39<>0,(Q38+I39)/O39,P38))) -> 0 | Q39: =IF(O39*P39=0,0,O39*P39) -> 0 | S39: =IF(DATOS!I50=0,"",DATOS!I50) | T39: =IF(DATOS!J50=0,"",DATOS!J50) | U39: =IF(DATOS!K50=0,"",DATOS!K50)
D40: 31 | E40: =IF(DATOS!E51=0,"",DATOS!E51) | G40: =IF(DATOS!O51=DATOS!$Q$21,DATOS!F51,0) -> 0 | H40: =IF(DATOS!O51=DATOS!$Q$21,DATOS!G51,0) -> 0 | I40: =G40*H40 -> 0 | K40: =IF(DATOS!O51=DATOS!$Q$22,DATOS!H51,0) -> 0 | L40: =IF(K40<>"",P39,0) -> 0 | M40: =K40*L40 -> 0 | O40: =IF(AND(G40=0,K40=0),O39,IF(G40<>0,O39+G40,O39-K40)) -> 0 | P40: =(IF(AND(G40=0,K40=0),P39,IF(G40<>0,(Q39+I40)/O40,P39))) -> 0 | Q40: =IF(O40*P40=0,0,O40*P40) -> 0 | S40: =IF(DATOS!I51=0,"",DATOS!I51) | T40: =IF(DATOS!J51=0,"",DATOS!J51) | U40: =IF(DATOS!K51=0,"",DATOS!K51)
... D109: 100 | E109: =IF(DATOS!E120=0,"",DATOS!E120) | G109: =IF(DATOS!O120=DATOS!$Q$21,DATOS!F120,0) -> 0 | H109: =IF(DATOS!O120=DATOS!$Q$21,DATOS!G120,0) -> 0 | I109: =G109*H109 -> 0 | K109: =IF(DATOS!O120=DATOS!$Q$22,DATOS!H120,0) -> 0 | L109: =IF(K109<>"",P108,0) -> 0 | M109: =K109*L109 -> 0 | O109: =IF(AND(G109=0,K109=0),O108,IF(G109<>0,O108+G109,O108-K109)) -> 0 | P109: =(IF(AND(G109=0,K109=0),P108,IF(G109<>0,(Q108+I109)/O109,P108))) -> 0 | Q109: =IF(O109*P109=0,0,O109*P109) -> 0 | S109: =IF(DATOS!I120=0,"",DATOS!I120) | T109: =IF(DATOS!J120=0,"",DATOS!J120) | U109: =IF(DATOS!K120=0,"",DATOS!K120)
G110: =SUM(G9:G109) -> 0 | I110: =SUM(I9:I109) -> 0 | K110: =SUM(K9:K109) -> 0 | M110: =SUM(M9:M109) -> 0 | O110: =$O$109 -> 0 | Q110: =$Q$109 -> 0
G113: Comprobación: | H113: Coste ventas | K113: Total
H114: =Q9+I110-Q110 -> 0 | K114: =$M$110 -> 0
H116: Diferencia
H117: =H114-K114 -> 0
D282: Uso de la hoja
D284: Para obtener resultados aquí, debes haber configurado correctamente el libro (hoja CO)
D285: Esta hoja te ofrece los cáculos de la valuación según el método de coste promedio.
D286: En la parte superior de la hoja tienes el resumen final de los valores de la valuación y un aviso que te indica si el inventario está cuadrado o no.
D287: Los cálculos se realizan automáticamente.
D288: Si en la hoja de configuración (CO) has utilizado las filas ocultas, recuerda también de mostrarlas aquí.
D290: El método:
D291: Este método requiere calcular el coste promedio unitario de los artículos en el inventario inicial más las compras hechas en el periodo contable. En base a este coste promedio unitario se
D292: determina tanto el coste de ventas (producción) como el inventario final del periodo.
D294: Ventajas: En épocas donde los cambios de precios no son bruscos, éste método limita las distorsiones de los precios en el corto plazo, ya que normaliza los costes unitarios en el periodo.
D295: Desventajas: Teóricamente es ilógico porque se basa en la idea de que las ventas se realizan en proporción a las compras y que el promedio ponderado es afectado por el inventario inicial, las
D296: primeras y las últimas adquisiciones, lo que puede ocasionar un retraso entre los costes de compras y la valuación del inventario, pues los costes iniciales pueden llegar a influir tanto o más que
... D310: Recuerda: Todos los datos proceden de la hoja anterior (DATOS).

Sheet PEPS
F2: =DATOS!$G$7 -> MI Empresa | I2: Valoración de existencias - MÉTODO PEPS/FIFO
D4: INV INICIAL | G4: (+) COMPRAS | K4: (-) INV. FINAL | O4: (=) COSTE VENTAS | S4: =IF(H117=0,"ok. Correcto","") -> ok. Correcto
D5: =$Q$9 -> 0 | G5: =$I$110 -> 0 | K5: =$Q$110 -> 0 | O5: =D5+G5-K5 -> 0 | S5: =IF(H117<>0,"No cuadra","")
D7: O. | E7: FECHA | G7: ENTRADAS | K7: MOVIMIENTOS | O7: SALDOS/ALMACÉN | S7: DETALLE | T7: DOCUMENTO | W7: SALIDAS | Z7: DETALLE | AA7: DOCUMENTO
G8: Unid. | H8: Precio U | I8: Total | K8: Unid. | L8: Precio U | M8: Total | O8: Unid. | P8: Precio U | Q8: Total | T8: Ref | U8: Nº Fact | W8: Fecha | X8: Unid. | AA8: Ref | AB8: Nº Fact
O9: =DATOS!G9 -> 0 | P9: =DATOS!G11 -> 0 | Q9: =O9*P9 -> 0 | S9: =DATOS!$E$13 -> Saldo INICIAL
D10: 1 | E10: =IF(DATOS!O21=DATOS!$Q$21,DATOS!E21,"--") -> -- | G10: =IF(DATOS!O21=DATOS!$Q$21,DATOS!F21,0) -> 0 | H10: =IF(DATOS!O21=DATOS!$Q$21,DATOS!G21,0) -> 0 | I10: =G10*H10 -> 0 | K10: =IF(SUM($G$9:G10)<=$X$110,$G$10,$X$110-K9) -> 0 | L10: =IF(K10<>0,H10,0) -> 0 | M10: =K10*L10 -> 0 | O10: =G10-K10 -> 0 | P10: =IF(O10<>0,H10,0) -> 0 | Q10: =O10*P10 -> 0 | S10: =IF(DATOS!O21=DATOS!$Q$21,DATOS!I21," -- ") -> -- | T10: =IF(DATOS!O21=DATOS!$Q$21,DATOS!J21," -- ") -> -- | U10: =IF(DATOS!O21=DATOS!$Q$21,DATOS!K21," -- ") -> -- | W10: =IF(DATOS!O21=DATOS!$Q$22,DATOS!E21," -- ") -> -- | X10: =IF(DATOS!O21=DATOS!$Q$22,DATOS!H21," -- ") -> -- | Z10: =IF(DATOS!O21=DATOS!$Q$22,DATOS!I21," -- ") -> -- | AA10: =IF(DATOS!O21=DATOS!$Q$22,DATOS!J21," -- ") -> -- | AB10: =IF(DATOS!O21=DATOS!$Q$22,DATOS!K21," -- ") -> --
D11: 2 | E11: =IF(DATOS!O22=DATOS!$Q$21,DATOS!E22,"--") -> -- | G11: =IF(DATOS!O22=DATOS!$Q$21,DATOS!F22,0) -> 0 | H11: =IF(DATOS!O22=DATOS!$Q$21,DATOS!G22,0) -> 0 | I11: =G11*H11 -> 0 | K11: =IF(SUM($G$9:G11)<=$X$110,G11,$X$110-SUM($K$9:K10)) -> 0 | L11: =IF(K11<>0,H11,0) -> 0 | M11: =K11*L11 -> 0 | O11: =G11-K11 -> 0 | P11: =IF(O11<>0,H11,0) -> 0 | Q11: =O11*P11 -> 0 | S11: =IF(DATOS!O22=DATOS!$Q$21,DATOS!I22," -- ") -> -- | T11: =IF(DATOS!O22=DATOS!$Q$21,DATOS!J22," -- ") -> -- | U11: =IF(DATOS!O22=DATOS!$Q$21,DATOS!K22," -- ") -> -- | W11: =IF(DATOS!O22=DATOS!$Q$22,DATOS!E22," -- ") -> -- | X11: =IF(DATOS!O22=DATOS!$Q$22,DATOS!H22," -- ") -> -- | Z11: =IF(DATOS!O22=DATOS!$Q$22,DATOS!I22," -- ") -> -- | AA11: =IF(DATOS!O22=DATOS!$Q$22,DATOS!J22," -- ") -> -- | AB11: =IF(DATOS!O22=DATOS!$Q$22,DATOS!K22," -- ") -> --
D12: 3 | E12: =IF(DATOS!O23=DATOS!$Q$21,DATOS!E23,"--") -> -- | G12: =IF(DATOS!O23=DATOS!$Q$21,DATOS!F23,0) -> 0 | H12: =IF(DATOS!O23=DATOS!$Q$21,DATOS!G23,0) -> 0 | I12: =G12*H12 -> 0 | K12: =IF(SUM($G$9:G12)<=$X$110,G12,$X$110-SUM($K$9:K11)) -> 0 | L12: =IF(K12<>0,H12,0) -> 0 | M12: =K12*L12 -> 0 | O12: =G12-K12 -> 0 | P12: =IF(O12<>0,H12,0) -> 0 | Q12: =O12*P12 -> 0 | S12: =IF(DATOS!O23=DATOS!$Q$21,DATOS!I23," -- ") -> -- | T12: =IF(DATOS!O23=DATOS!$Q$21,DATOS!J23," -- ") -> -- | U12: =IF(DATOS!O23=DATOS!$Q$21,DATOS!K23," -- ") -> -- | W12: =IF(DATOS!O23=DATOS!$Q$22,DATOS!E23," -- ") -> -- | X12: =IF(DATOS!O23=DATOS!$Q$22,DATOS!H23," -- ") -> -- | Z12: =IF(DATOS!O23=DATOS!$Q$22,DATOS!I23," -- ") -> -- | AA12: =IF(DATOS!O23=DATOS!$Q$22,DATOS!J23," -- ") -> -- | AB12: =IF(DATOS!O23=DATOS!$Q$22,DATOS!K23," -- ") -> --
D13: 4 | E13: =IF(DATOS!O24=DATOS!$Q$21,DATOS!E24,"--") -> -- | G13: =IF(DATOS!O24=DATOS!$Q$21,DATOS!F24,0) -> 0 | H13: =IF(DATOS!O24=DATOS!$Q$21,DATOS!G24,0) -> 0 | I13: =G13*H13 -> 0 | K13: =IF(SUM($G$9:G13)<=$X$110,G13,$X$110-SUM($K$9:K12)) -> 0 | L13: =IF(K13<>0,H13,0) -> 0 | M13: =K13*L13 -> 0 | O13: =G13-K13 -> 0 | P13: =IF(O13<>0,H13,0) -> 0 | Q13: =O13*P13 -> 0 | S13: =IF(DATOS!O24=DATOS!$Q$21,DATOS!I24," -- ") -> -- | T13: =IF(DATOS!O24=DATOS!$Q$21,DATOS!J24," -- ") -> -- | U13: =IF(DATOS!O24=DATOS!$Q$21,DATOS!K24," -- ") -> -- | W13: =IF(DATOS!O24=DATOS!$Q$22,DATOS!E24," -- ") -> -- | X13: =IF(DATOS!O24=DATOS!$Q$22,DATOS!H24," -- ") -> -- | Z13: =IF(DATOS!O24=DATOS!$Q$22,DATOS!I24," -- ") -> -- | AA13: =IF(DATOS!O24=DATOS!$Q$22,DATOS!J24," -- ") -> -- | AB13: =IF(DATOS!O24=DATOS!$Q$22,DATOS!K24," -- ") -> --
D14: 5 | E14: =IF(DATOS!O25=DATOS!$Q$21,DATOS!E25,"--") -> -- | G14: =IF(DATOS!O25=DATOS!$Q$21,DATOS!F25,0) -> 0 | H14: =IF(DATOS!O25=DATOS!$Q$21,DATOS!G25,0) -> 0 | I14: =G14*H14 -> 0 | K14: =IF(SUM($G$9:G14)<=$X$110,G14,$X$110-SUM($K$9:K13)) -> 0 | L14: =IF(K14<>0,H14,0) -> 0 | M14: =K14*L14 -> 0 | O14: =G14-K14 -> 0 | P14: =IF(O14<>0,H14,0) -> 0 | Q14: =O14*P14 -> 0 | S14: =IF(DATOS!O25=DATOS!$Q$21,DATOS!I25," -- ") -> -- | T14: =IF(DATOS!O25=DATOS!$Q$21,DATOS!J25," -- ") -> -- | U14: =IF(DATOS!O25=DATOS!$Q$21,DATOS!K25," -- ") -> -- | W14: =IF(DATOS!O25=DATOS!$Q$22,DATOS!E25," -- ") -> -- | X14: =IF(DATOS!O25=DATOS!$Q$22,DATOS!H25," -- ") -> -- | Z14: =IF(DATOS!O25=DATOS!$Q$22,DATOS!I25," -- ") -> -- | AA14: =IF(DATOS!O25=DATOS!$Q$22,DATOS!J25," -- ") -> -- | AB14: =IF(DATOS!O25=DATOS!$Q$22,DATOS!K25," -- ") -> --
D15: 6 | E15: =IF(DATOS!O26=DATOS!$Q$21,DATOS!E26,"--") -> -- | G15: =IF(DATOS!O26=DATOS!$Q$21,DATOS!F26,0) -> 0 | H15: =IF(DATOS!O26=DATOS!$Q$21,DATOS!G26,0) -> 0 | I15: =G15*H15 -> 0 | K15: =IF(SUM($G$9:G15)<=$X$110,G15,$X$110-SUM($K$9:K14)) -> 0 | L15: =IF(K15<>0,H15,0) -> 0 | M15: =K15*L15 -> 0 | O15: =G15-K15 -> 0 | P15: =IF(O15<>0,H15,0) -> 0 | Q15: =O15*P15 -> 0 | S15: =IF(DATOS!O26=DATOS!$Q$21,DATOS!I26," -- ") -> -- | T15: =IF(DATOS!O26=DATOS!$Q$21,DATOS!J26," -- ") -> -- | U15: =IF(DATOS!O26=DATOS!$Q$21,DATOS!K26," -- ") -> -- | W15: =IF(DATOS!O26=DATOS!$Q$22,DATOS!E26," -- ") -> -- | X15: =IF(DATOS!O26=DATOS!$Q$22,DATOS!H26," -- ") -> -- | Z15: =IF(DATOS!O26=DATOS!$Q$22,DATOS!I26," -- ") -> -- | AA15: =IF(DATOS!O26=DATOS!$Q$22,DATOS!J26," -- ") -> -- | AB15: =IF(DATOS!O26=DATOS!$Q$22,DATOS!K26," -- ") -> --
D16: 7 | E16: =IF(DATOS!O27=DATOS!$Q$21,DATOS!E27,"--") -> -- | G16: =IF(DATOS!O27=DATOS!$Q$21,DATOS!F27,0) -> 0 | H16: =IF(DATOS!O27=DATOS!$Q$21,DATOS!G27,0) -> 0 | I16: =G16*H16 -> 0 | K16: =IF(SUM($G$9:G16)<=$X$110,G16,$X$110-SUM($K$9:K15)) -> 0 | L16: =IF(K16<>0,H16,0) -> 0 | M16: =K16*L16 -> 0 | O16: =G16-K16 -> 0 | P16: =IF(O16<>0,H16,0) -> 0 | Q16: =O16*P16 -> 0 | S16: =IF(DATOS!O27=DATOS!$Q$21,DATOS!I27," -- ") -> -- | T16: =IF(DATOS!O27=DATOS!$Q$21,DATOS!J27," -- ") -> -- | U16: =IF(DATOS!O27=DATOS!$Q$21,DATOS!K27," -- ") -> -- | W16: =IF(DATOS!O27=DATOS!$Q$22,DATOS!E27," -- ") -> -- | X16: =IF(DATOS!O27=DATOS!$Q$22,DATOS!H27," -- ") -> -- | Z16: =IF(DATOS!O27=DATOS!$Q$22,DATOS!I27," -- ") -> -- | AA16: =IF(DATOS!O27=DATOS!$Q$22,DATOS!J27," -- ") -> -- | AB16: =IF(DATOS!O27=DATOS!$Q$22,DATOS!K27," -- ") -> --
D17: 8 | E17: =IF(DATOS!O28=DATOS!$Q$21,DATOS!E28,"--") -> -- | G17: =IF(DATOS!O28=DATOS!$Q$21,DATOS!F28,0) -> 0 | H17: =IF(DATOS!O28=DATOS!$Q$21,DATOS!G28,0) -> 0 | I17: =G17*H17 -> 0 | K17: =IF(SUM($G$9:G17)<=$X$110,G17,$X$110-SUM($K$9:K16)) -> 0 | L17: =IF(K17<>0,H17,0) -> 0 | M17: =K17*L17 -> 0 | O17: =G17-K17 -> 0 | P17: =IF(O17<>0,H17,0) -> 0 | Q17: =O17*P17 -> 0 | S17: =IF(DATOS!O28=DATOS!$Q$21,DATOS!I28," -- ") -> -- | T17: =IF(DATOS!O28=DATOS!$Q$21,DATOS!J28," -- ") -> -- | U17: =IF(DATOS!O28=DATOS!$Q$21,DATOS!K28," -- ") -> -- | W17: =IF(DATOS!O28=DATOS!$Q$22,DATOS!E28," -- ") -> -- | X17: =IF(DATOS!O28=DATOS!$Q$22,DATOS!H28," -- ") -> -- | Z17: =IF(DATOS!O28=DATOS!$Q$22,DATOS!I28," -- ") -> -- | AA17: =IF(DATOS!O28=DATOS!$Q$22,DATOS!J28," -- ") -> -- | AB17: =IF(DATOS!O28=DATOS!$Q$22,DATOS!K28," -- ") -> --
D18: 9 | E18: =IF(DATOS!O29=DATOS!$Q$21,DATOS!E29,"--") -> -- | G18: =IF(DATOS!O29=DATOS!$Q$21,DATOS!F29,0) -> 0 | H18: =IF(DATOS!O29=DATOS!$Q$21,DATOS!G29,0) -> 0 | I18: =G18*H18 -> 0 | K18: =IF(SUM($G$9:G18)<=$X$110,G18,$X$110-SUM($K$9:K17)) -> 0 | L18: =IF(K18<>0,H18,0) -> 0 | M18: =K18*L18 -> 0 | O18: =G18-K18 -> 0 | P18: =IF(O18<>0,H18,0) -> 0 | Q18: =O18*P18 -> 0 | S18: =IF(DATOS!O29=DATOS!$Q$21,DATOS!I29," -- ") -> -- | T18: =IF(DATOS!O29=DATOS!$Q$21,DATOS!J29," -- ") -> -- | U18: =IF(DATOS!O29=DATOS!$Q$21,DATOS!K29," -- ") -> -- | W18: =IF(DATOS!O29=DATOS!$Q$22,DATOS!E29," -- ") -> -- | X18: =IF(DATOS!O29=DATOS!$Q$22,DATOS!H29," -- ") -> -- | Z18: =IF(DATOS!O29=DATOS!$Q$22,DATOS!I29," -- ") -> -- | AA18: =IF(DATOS!O29=DATOS!$Q$22,DATOS!J29," -- ") -> -- | AB18: =IF(DATOS!O29=DATOS!$Q$22,DATOS!K29," -- ") -> --
D19: 10 | E19: =IF(DATOS!O30=DATOS!$Q$21,DATOS!E30,"--") -> -- | G19: =IF(DATOS!O30=DATOS!$Q$21,DATOS!F30,0) -> 0 | H19: =IF(DATOS!O30=DATOS!$Q$21,DATOS!G30,0) -> 0 | I19: =G19*H19 -> 0 | K19: =IF(SUM($G$9:G19)<=$X$110,G19,$X$110-SUM($K$9:K18)) -> 0 | L19: =IF(K19<>0,H19,0) -> 0 | M19: =K19*L19 -> 0 | O19: =G19-K19 -> 0 | P19: =IF(O19<>0,H19,0) -> 0 | Q19: =O19*P19 -> 0 | S19: =IF(DATOS!O30=DATOS!$Q$21,DATOS!I30," -- ") -> -- | T19: =IF(DATOS!O30=DATOS!$Q$21,DATOS!J30," -- ") -> -- | U19: =IF(DATOS!O30=DATOS!$Q$21,DATOS!K30," -- ") -> -- | W19: =IF(DATOS!O30=DATOS!$Q$22,DATOS!E30," -- ") -> -- | X19: =IF(DATOS!O30=DATOS!$Q$22,DATOS!H30," -- ") -> -- | Z19: =IF(DATOS!O30=DATOS!$Q$22,DATOS!I30," -- ") -> -- | AA19: =IF(DATOS!O30=DATOS!$Q$22,DATOS!J30," -- ") -> -- | AB19: =IF(DATOS!O30=DATOS!$Q$22,DATOS!K30," -- ") -> --
D20: 11 | E20: =IF(DATOS!O31=DATOS!$Q$21,DATOS!E31,"--") -> -- | G20: =IF(DATOS!O31=DATOS!$Q$21,DATOS!F31,0) -> 0 | H20: =IF(DATOS!O31=DATOS!$Q$21,DATOS!G31,0) -> 0 | I20: =G20*H20 -> 0 | K20: =IF(SUM($G$9:G20)<=$X$110,G20,$X$110-SUM($K$9:K19)) -> 0 | L20: =IF(K20<>0,H20,0) -> 0 | M20: =K20*L20 -> 0 | O20: =G20-K20 -> 0 | P20: =IF(O20<>0,H20,0) -> 0 | Q20: =O20*P20 -> 0 | S20: =IF(DATOS!O31=DATOS!$Q$21,DATOS!I31," -- ") -> -- | T20: =IF(DATOS!O31=DATOS!$Q$21,DATOS!J31," -- ") -> -- | U20: =IF(DATOS!O31=DATOS!$Q$21,DATOS!K31," -- ") -> -- | W20: =IF(DATOS!O31=DATOS!$Q$22,DATOS!E31," -- ") -> -- | X20: =IF(DATOS!O31=DATOS!$Q$22,DATOS!H31," -- ") -> -- | Z20: =IF(DATOS!O31=DATOS!$Q$22,DATOS!I31," -- ") -> -- | AA20: =IF(DATOS!O31=DATOS!$Q$22,DATOS!J31," -- ") -> -- | AB20: =IF(DATOS!O31=DATOS!$Q$22,DATOS!K31," -- ") -> --
D21: 12 | E21: =IF(DATOS!O32=DATOS!$Q$21,DATOS!E32,"--") -> -- | G21: =IF(DATOS!O32=DATOS!$Q$21,DATOS!F32,0) -> 0 | H21: =IF(DATOS!O32=DATOS!$Q$21,DATOS!G32,0) -> 0 | I21: =G21*H21 -> 0 | K21: =IF(SUM($G$9:G21)<=$X$110,G21,$X$110-SUM($K$9:K20)) -> 0 | L21: =IF(K21<>0,H21,0) -> 0 | M21: =K21*L21 -> 0 | O21: =G21-K21 -> 0 | P21: =IF(O21<>0,H21,0) -> 0 | Q21: =O21*P21 -> 0 | S21: =IF(DATOS!O32=DATOS!$Q$21,DATOS!I32," -- ") -> -- | T21: =IF(DATOS!O32=DATOS!$Q$21,DATOS!J32," -- ") -> -- | U21: =IF(DATOS!O32=DATOS!$Q$21,DATOS!K32," -- ") -> -- | W21: =IF(DATOS!O32=DATOS!$Q$22,DATOS!E32," -- ") -> -- | X21: =IF(DATOS!O32=DATOS!$Q$22,DATOS!H32," -- ") -> -- | Z21: =IF(DATOS!O32=DATOS!$Q$22,DATOS!I32," -- ") -> -- | AA21: =IF(DATOS!O32=DATOS!$Q$22,DATOS!J32," -- ") -> -- | AB21: =IF(DATOS!O32=DATOS!$Q$22,DATOS!K32," -- ") -> --
D22: 13 | E22: =IF(DATOS!O33=DATOS!$Q$21,DATOS!E33,"--") -> -- | G22: =IF(DATOS!O33=DATOS!$Q$21,DATOS!F33,0) -> 0 | H22: =IF(DATOS!O33=DATOS!$Q$21,DATOS!G33,0) -> 0 | I22: =G22*H22 -> 0 | K22: =IF(SUM($G$9:G22)<=$X$110,G22,$X$110-SUM($K$9:K21)) -> 0 | L22: =IF(K22<>0,H22,0) -> 0 | M22: =K22*L22 -> 0 | O22: =G22-K22 -> 0 | P22: =IF(O22<>0,H22,0) -> 0 | Q22: =O22*P22 -> 0 | S22: =IF(DATOS!O33=DATOS!$Q$21,DATOS!I33," -- ") -> -- | T22: =IF(DATOS!O33=DATOS!$Q$21,DATOS!J33," -- ") -> -- | U22: =IF(DATOS!O33=DATOS!$Q$21,DATOS!K33," -- ") -> -- | W22: =IF(DATOS!O33=DATOS!$Q$22,DATOS!E33," -- ") -> -- | X22: =IF(DATOS!O33=DATOS!$Q$22,DATOS!H33," -- ") -> -- | Z22: =IF(DATOS!O33=DATOS!$Q$22,DATOS!I33," -- ") -> -- | AA22: =IF(DATOS!O33=DATOS!$Q$22,DATOS!J33," -- ") -> -- | AB22: =IF(DATOS!O33=DATOS!$Q$22,DATOS!K33," -- ") -> --
... D27: 18 | E27: =IF(DATOS!O38=DATOS!$Q$21,DATOS!E38,"--") -> -- | G27: =IF(DATOS!O38=DATOS!$Q$21,DATOS!F38,0) -> 0 | H27: =IF(DATOS!O38=DATOS!$Q$21,DATOS!G38,0) -> 0 | I27: =G27*H27 -> 0 | K27: =IF(SUM($G$9:G27)<=$X$110,G27,$X$110-SUM($K$9:K26)) -> 0 | L27: =IF(K27<>0,H27,0) -> 0 | M27: =K27*L27 -> 0 | O27: =G27-K27 -> 0 | P27: =IF(O27<>0,H27,0) -> 0 | Q27: =O27*P27 -> 0 | S27: =IF(DATOS!O38=DATOS!$Q$21,DATOS!I38," -- ") -> -- | T27: =IF(DATOS!O38=DATOS!$Q$21,DATOS!J38," -- ") -> -- | U27: =IF(DATOS!O38=DATOS!$Q$21,DATOS!K38," -- ") -> -- | W27: =IF(DATOS!O38=DATOS!$Q$22,DATOS!E38," -- ") -> -- | X27: =IF(DATOS!O38=DATOS!$Q$22,DATOS!H38," -- ") -> -- | Z27: =IF(DATOS!O38=DATOS!$Q$22,DATOS!I38," -- ") -> -- | AA27: =IF(DATOS!O38=DATOS!$Q$22,DATOS!J38," -- ") -> -- | AB27: =IF(DATOS!O38=DATOS!$Q$22,DATOS!K38," -- ") -> --
C28: ↓ | D28: 19 | E28: =IF(DATOS!O39=DATOS!$Q$21,DATOS!E39,"--") -> -- | G28: =IF(DATOS!O39=DATOS!$Q$21,DATOS!F39,0) -> 0 | H28: =IF(DATOS!O39=DATOS!$Q$21,DATOS!G39,0) -> 0 | I28: =G28*H28 -> 0 | K28: =IF(SUM($G$9:G28)<=$X$110,G28,$X$110-SUM($K$9:K27)) -> 0 | L28: =IF(K28<>0,H28,0) -> 0 | M28: =K28*L28 -> 0 | O28: =G28-K28 -> 0 | P28: =IF(O28<>0,H28,0) -> 0 | Q28: =O28*P28 -> 0 | S28: =IF(DATOS!O39=DATOS!$Q$21,DATOS!I39," -- ") -> -- | T28: =IF(DATOS!O39=DATOS!$Q$21,DATOS!J39," -- ") -> -- | U28: =IF(DATOS!O39=DATOS!$Q$21,DATOS!K39," -- ") -> -- | W28: =IF(DATOS!O39=DATOS!$Q$22,DATOS!E39," -- ") -> -- | X28: =IF(DATOS!O39=DATOS!$Q$22,DATOS!H39," -- ") -> -- | Z28: =IF(DATOS!O39=DATOS!$Q$22,DATOS!I39," -- ") -> -- | AA28: =IF(DATOS!O39=DATOS!$Q$22,DATOS!J39," -- ") -> -- | AB28: =IF(DATOS!O39=DATOS!$Q$22,DATOS!K39," -- ") -> --
D29: 20 | E29: =IF(DATOS!O40=DATOS!$Q$21,DATOS!E40,"--") -> -- | G29: =IF(DATOS!O40=DATOS!$Q$21,DATOS!F40,0) -> 0 | H29: =IF(DATOS!O40=DATOS!$Q$21,DATOS!G40,0) -> 0 | I29: =G29*H29 -> 0 | K29: =IF(SUM($G$9:G29)<=$X$110,G29,$X$110-SUM($K$9:K28)) -> 0 | L29: =IF(K29<>0,H29,0) -> 0 | M29: =K29*L29 -> 0 | O29: =G29-K29 -> 0 | P29: =IF(O29<>0,H29,0) -> 0 | Q29: =IF(O29*P29=0,Q28,O29*P29) -> 0 | S29: =IF(DATOS!O40=DATOS!$Q$21,DATOS!I40," -- ") -> -- | T29: =IF(DATOS!O40=DATOS!$Q$21,DATOS!J40," -- ") -> -- | U29: =IF(DATOS!O40=DATOS!$Q$21,DATOS!K40," -- ") -> -- | W29: =IF(DATOS!O40=DATOS!$Q$22,DATOS!E40," -- ") -> -- | X29: =IF(DATOS!O40=DATOS!$Q$22,DATOS!H40," -- ") -> -- | Z29: =IF(DATOS!O40=DATOS!$Q$22,DATOS!I40," -- ") -> -- | AA29: =IF(DATOS!O40=DATOS!$Q$22,DATOS!J40," -- ") -> -- | AB29: =IF(DATOS!O40=DATOS!$Q$22,DATOS!K40," -- ") -> --
D30: 21 | E30: =IF(DATOS!O41=DATOS!$Q$21,DATOS!E41,"--") -> -- | G30: =IF(DATOS!O41=DATOS!$Q$21,DATOS!F41,0) -> 0 | H30: =IF(DATOS!O41=DATOS!$Q$21,DATOS!G41,0) -> 0 | I30: =G30*H30 -> 0 | K30: =IF(SUM($G$9:G30)<=$X$110,G30,$X$110-SUM($K$9:K29)) -> 0 | L30: =IF(K30<>0,H30,0) -> 0 | M30: =K30*L30 -> 0 | O30: =G30-K30 -> 0 | P30: =IF(O30<>0,H30,0) -> 0 | Q30: =IF(O30*P30=0,Q29,O30*P30) -> 0 | S30: =IF(DATOS!O41=DATOS!$Q$21,DATOS!I41," -- ") -> -- | T30: =IF(DATOS!O41=DATOS!$Q$21,DATOS!J41," -- ") -> -- | U30: =IF(DATOS!O41=DATOS!$Q$21,DATOS!K41," -- ") -> -- | W30: =IF(DATOS!O41=DATOS!$Q$22,DATOS!E41," -- ") -> -- | X30: =IF(DATOS!O41=DATOS!$Q$22,DATOS!H41," -- ") -> -- | Z30: =IF(DATOS!O41=DATOS!$Q$22,DATOS!I41," -- ") -> -- | AA30: =IF(DATOS!O41=DATOS!$Q$22,DATOS!J41," -- ") -> -- | AB30: =IF(DATOS!O41=DATOS!$Q$22,DATOS!K41," -- ") -> --
D31: 22 | E31: =IF(DATOS!O42=DATOS!$Q$21,DATOS!E42,"--") -> -- | G31: =IF(DATOS!O42=DATOS!$Q$21,DATOS!F42,0) -> 0 | H31: =IF(DATOS!O42=DATOS!$Q$21,DATOS!G42,0) -> 0 | I31: =G31*H31 -> 0 | K31: =IF(SUM($G$9:G31)<=$X$110,G31,$X$110-SUM($K$9:K30)) -> 0 | L31: =IF(K31<>0,H31,0) -> 0 | M31: =K31*L31 -> 0 | O31: =G31-K31 -> 0 | P31: =IF(O31<>0,H31,0) -> 0 | Q31: =IF(O31*P31=0,Q30,O31*P31) -> 0 | S31: =IF(DATOS!O42=DATOS!$Q$21,DATOS!I42," -- ") -> -- | T31: =IF(DATOS!O42=DATOS!$Q$21,DATOS!J42," -- ") -> -- | U31: =IF(DATOS!O42=DATOS!$Q$21,DATOS!K42," -- ") -> -- | W31: =IF(DATOS!O42=DATOS!$Q$22,DATOS!E42," -- ") -> -- | X31: =IF(DATOS!O42=DATOS!$Q$22,DATOS!H42," -- ") -> -- | Z31: =IF(DATOS!O42=DATOS!$Q$22,DATOS!I42," -- ") -> -- | AA31: =IF(DATOS!O42=DATOS!$Q$22,DATOS!J42," -- ") -> -- | AB31: =IF(DATOS!O42=DATOS!$Q$22,DATOS!K42," -- ") -> --
D32: 23 | E32: =IF(DATOS!O43=DATOS!$Q$21,DATOS!E43,"--") -> -- | G32: =IF(DATOS!O43=DATOS!$Q$21,DATOS!F43,0) -> 0 | H32: =IF(DATOS!O43=DATOS!$Q$21,DATOS!G43,0) -> 0 | I32: =G32*H32 -> 0 | K32: =IF(SUM($G$9:G32)<=$X$110,G32,$X$110-SUM($K$9:K31)) -> 0 | L32: =IF(K32<>0,H32,0) -> 0 | M32: =K32*L32 -> 0 | O32: =G32-K32 -> 0 | P32: =IF(O32<>0,H32,0) -> 0 | Q32: =IF(O32*P32=0,Q31,O32*P32) -> 0 | S32: =IF(DATOS!O43=DATOS!$Q$21,DATOS!I43," -- ") -> -- | T32: =IF(DATOS!O43=DATOS!$Q$21,DATOS!J43," -- ") -> -- | U32: =IF(DATOS!O43=DATOS!$Q$21,DATOS!K43," -- ") -> -- | W32: =IF(DATOS!O43=DATOS!$Q$22,DATOS!E43," -- ") -> -- | X32: =IF(DATOS!O43=DATOS!$Q$22,DATOS!H43," -- ") -> -- | Z32: =IF(DATOS!O43=DATOS!$Q$22,DATOS!I43," -- ") -> -- | AA32: =IF(DATOS!O43=DATOS!$Q$22,DATOS!J43," -- ") -> -- | AB32: =IF(DATOS!O43=DATOS!$Q$22,DATOS!K43," -- ") -> --
D33: 24 | E33: =IF(DATOS!O44=DATOS!$Q$21,DATOS!E44,"--") -> -- | G33: =IF(DATOS!O44=DATOS!$Q$21,DATOS!F44,0) -> 0 | H33: =IF(DATOS!O44=DATOS!$Q$21,DATOS!G44,0) -> 0 | I33: =G33*H33 -> 0 | K33: =IF(SUM($G$9:G33)<=$X$110,G33,$X$110-SUM($K$9:K32)) -> 0 | L33: =IF(K33<>0,H33,0) -> 0 | M33: =K33*L33 -> 0 | O33: =G33-K33 -> 0 | P33: =IF(O33<>0,H33,0) -> 0 | Q33: =IF(O33*P33=0,Q32,O33*P33) -> 0 | S33: =IF(DATOS!O44=DATOS!$Q$21,DATOS!I44," -- ") -> -- | T33: =IF(DATOS!O44=DATOS!$Q$21,DATOS!J44," -- ") -> -- | U33: =IF(DATOS!O44=DATOS!$Q$21,DATOS!K44," -- ") -> -- | W33: =IF(DATOS!O44=DATOS!$Q$22,DATOS!E44," -- ") -> -- | X33: =IF(DATOS!O44=DATOS!$Q$22,DATOS!H44," -- ") -> -- | Z33: =IF(DATOS!O44=DATOS!$Q$22,DATOS!I44," -- ") -> -- | AA33: =IF(DATOS!O44=DATOS!$Q$22,DATOS!J44," -- ") -> -- | AB33: =IF(DATOS!O44=DATOS!$Q$22,DATOS!K44," -- ") -> --
D34: 25 | E34: =IF(DATOS!O45=DATOS!$Q$21,DATOS!E45,"--") -> -- | G34: =IF(DATOS!O45=DATOS!$Q$21,DATOS!F45,0) -> 0 | H34: =IF(DATOS!O45=DATOS!$Q$21,DATOS!G45,0) -> 0 | I34: =G34*H34 -> 0 | K34: =IF(SUM($G$9:G34)<=$X$110,G34,$X$110-SUM($K$9:K33)) -> 0 | L34: =IF(K34<>0,H34,0) -> 0 | M34: =K34*L34 -> 0 | O34: =G34-K34 -> 0 | P34: =IF(O34<>0,H34,0) -> 0 | Q34: =IF(O34*P34=0,Q33,O34*P34) -> 0 | S34: =IF(DATOS!O45=DATOS!$Q$21,DATOS!I45," -- ") -> -- | T34: =IF(DATOS!O45=DATOS!$Q$21,DATOS!J45," -- ") -> -- | U34: =IF(DATOS!O45=DATOS!$Q$21,DATOS!K45," -- ") -> -- | W34: =IF(DATOS!O45=DATOS!$Q$22,DATOS!E45," -- ") -> -- | X34: =IF(DATOS!O45=DATOS!$Q$22,DATOS!H45," -- ") -> -- | Z34: =IF(DATOS!O45=DATOS!$Q$22,DATOS!I45," -- ") -> -- | AA34: =IF(DATOS!O45=DATOS!$Q$22,DATOS!J45," -- ") -> -- | AB34: =IF(DATOS!O45=DATOS!$Q$22,DATOS!K45," -- ") -> --
D35: 26 | E35: =IF(DATOS!O46=DATOS!$Q$21,DATOS!E46,"--") -> -- | G35: =IF(DATOS!O46=DATOS!$Q$21,DATOS!F46,0) -> 0 | H35: =IF(DATOS!O46=DATOS!$Q$21,DATOS!G46,0) -> 0 | I35: =G35*H35 -> 0 | K35: =IF(SUM($G$9:G35)<=$X$110,G35,$X$110-SUM($K$9:K34)) -> 0 | L35: =IF(K35<>0,H35,0) -> 0 | M35: =K35*L35 -> 0 | O35: =G35-K35 -> 0 | P35: =IF(O35<>0,H35,0) -> 0 | Q35: =IF(O35*P35=0,Q34,O35*P35) -> 0 | S35: =IF(DATOS!O46=DATOS!$Q$21,DATOS!I46," -- ") -> -- | T35: =IF(DATOS!O46=DATOS!$Q$21,DATOS!J46," -- ") -> -- | U35: =IF(DATOS!O46=DATOS!$Q$21,DATOS!K46," -- ") -> -- | W35: =IF(DATOS!O46=DATOS!$Q$22,DATOS!E46," -- ") -> -- | X35: =IF(DATOS!O46=DATOS!$Q$22,DATOS!H46," -- ") -> -- | Z35: =IF(DATOS!O46=DATOS!$Q$22,DATOS!I46," -- ") -> -- | AA35: =IF(DATOS!O46=DATOS!$Q$22,DATOS!J46," -- ") -> -- | AB35: =IF(DATOS!O46=DATOS!$Q$22,DATOS!K46," -- ") -> --
D36: 27 | E36: =IF(DATOS!O47=DATOS!$Q$21,DATOS!E47,"--") -> -- | G36: =IF(DATOS!O47=DATOS!$Q$21,DATOS!F47,0) -> 0 | H36: =IF(DATOS!O47=DATOS!$Q$21,DATOS!G47,0) -> 0 | I36: =G36*H36 -> 0 | K36: =IF(SUM($G$9:G36)<=$X$110,G36,$X$110-SUM($K$9:K35)) -> 0 | L36: =IF(K36<>0,H36,0) -> 0 | M36: =K36*L36 -> 0 | O36: =G36-K36 -> 0 | P36: =IF(O36<>0,H36,0) -> 0 | Q36: =IF(O36*P36=0,Q35,O36*P36) -> 0 | S36: =IF(DATOS!O47=DATOS!$Q$21,DATOS!I47," -- ") -> -- | T36: =IF(DATOS!O47=DATOS!$Q$21,DATOS!J47," -- ") -> -- | U36: =IF(DATOS!O47=DATOS!$Q$21,DATOS!K47," -- ") -> -- | W36: =IF(DATOS!O47=DATOS!$Q$22,DATOS!E47," -- ") -> -- | X36: =IF(DATOS!O47=DATOS!$Q$22,DATOS!H47," -- ") -> -- | Z36: =IF(DATOS!O47=DATOS!$Q$22,DATOS!I47," -- ") -> -- | AA36: =IF(DATOS!O47=DATOS!$Q$22,DATOS!J47," -- ") -> -- | AB36: =IF(DATOS!O47=DATOS!$Q$22,DATOS!K47," -- ") -> --
D37: 28 | E37: =IF(DATOS!O48=DATOS!$Q$21,DATOS!E48,"--") -> -- | G37: =IF(DATOS!O48=DATOS!$Q$21,DATOS!F48,0) -> 0 | H37: =IF(DATOS!O48=DATOS!$Q$21,DATOS!G48,0) -> 0 | I37: =G37*H37 -> 0 | K37: =IF(SUM($G$9:G37)<=$X$110,G37,$X$110-SUM($K$9:K36)) -> 0 | L37: =IF(K37<>0,H37,0) -> 0 | M37: =K37*L37 -> 0 | O37: =G37-K37 -> 0 | P37: =IF(O37<>0,H37,0) -> 0 | Q37: =IF(O37*P37=0,Q36,O37*P37) -> 0 | S37: =IF(DATOS!O48=DATOS!$Q$21,DATOS!I48," -- ") -> -- | T37: =IF(DATOS!O48=DATOS!$Q$21,DATOS!J48," -- ") -> -- | U37: =IF(DATOS!O48=DATOS!$Q$21,DATOS!K48," -- ") -> -- | W37: =IF(DATOS!O48=DATOS!$Q$22,DATOS!E48," -- ") -> -- | X37: =IF(DATOS!O48=DATOS!$Q$22,DATOS!H48," -- ") -> -- | Z37: =IF(DATOS!O48=DATOS!$Q$22,DATOS!I48," -- ") -> -- | AA37: =IF(DATOS!O48=DATOS!$Q$22,DATOS!J48," -- ") -> -- | AB37: =IF(DATOS!O48=DATOS!$Q$22,DATOS!K48," -- ") -> --
D38: 29 | E38: =IF(DATOS!O49=DATOS!$Q$21,DATOS!E49,"--") -> -- | G38: =IF(DATOS!O49=DATOS!$Q$21,DATOS!F49,0) -> 0 | H38: =IF(DATOS!O49=DATOS!$Q$21,DATOS!G49,0) -> 0 | I38: =G38*H38 -> 0 | K38: =IF(SUM($G$9:G38)<=$X$110,G38,$X$110-SUM($K$9:K37)) -> 0 | L38: =IF(K38<>0,H38,0) -> 0 | M38: =K38*L38 -> 0 | O38: =G38-K38 -> 0 | P38: =IF(O38<>0,H38,0) -> 0 | Q38: =IF(O38*P38=0,Q37,O38*P38) -> 0 | S38: =IF(DATOS!O49=DATOS!$Q$21,DATOS!I49," -- ") -> -- | T38: =IF(DATOS!O49=DATOS!$Q$21,DATOS!J49," -- ") -> -- | U38: =IF(DATOS!O49=DATOS!$Q$21,DATOS!K49," -- ") -> -- | W38: =IF(DATOS!O49=DATOS!$Q$22,DATOS!E49," -- ") -> -- | X38: =IF(DATOS!O49=DATOS!$Q$22,DATOS!H49," -- ") -> -- | Z38: =IF(DATOS!O49=DATOS!$Q$22,DATOS!I49," -- ") -> -- | AA38: =IF(DATOS!O49=DATOS!$Q$22,DATOS!J49," -- ") -> -- | AB38: =IF(DATOS!O49=DATOS!$Q$22,DATOS!K49," -- ") -> --
D39: 30 | E39: =IF(DATOS!O50=DATOS!$Q$21,DATOS!E50,"--") -> -- | G39: =IF(DATOS!O50=DATOS!$Q$21,DATOS!F50,0) -> 0 | H39: =IF(DATOS!O50=DATOS!$Q$21,DATOS!G50,0) -> 0 | I39: =G39*H39 -> 0 | K39: =IF(SUM($G$9:G39)<=$X$110,G39,$X$110-SUM($K$9:K38)) -> 0 | L39: =IF(K39<>0,H39,0) -> 0 | M39: =K39*L39 -> 0 | O39: =G39-K39 -> 0 | P39: =IF(O39<>0,H39,0) -> 0 | Q39: =IF(O39*P39=0,Q38,O39*P39) -> 0 | S39: =IF(DATOS!O50=DATOS!$Q$21,DATOS!I50," -- ") -> -- | T39: =IF(DATOS!O50=DATOS!$Q$21,DATOS!J50," -- ") -> -- | U39: =IF(DATOS!O50=DATOS!$Q$21,DATOS!K50," -- ") -> -- | W39: =IF(DATOS!O50=DATOS!$Q$22,DATOS!E50," -- ") -> -- | X39: =IF(DATOS!O50=DATOS!$Q$22,DATOS!H50," -- ") -> -- | Z39: =IF(DATOS!O50=DATOS!$Q$22,DATOS!I50," -- ") -> -- | AA39: =IF(DATOS!O50=DATOS!$Q$22,DATOS!J50," -- ") -> -- | AB39: =IF(DATOS!O50=DATOS!$Q$22,DATOS!K50," -- ") -> --
D40: 31 | E40: =IF(DATOS!O51=DATOS!$Q$21,DATOS!E51,"--") -> -- | G40: =IF(DATOS!O51=DATOS!$Q$21,DATOS!F51,0) -> 0 | H40: =IF(DATOS!O51=DATOS!$Q$21,DATOS!G51,0) -> 0 | I40: =G40*H40 -> 0 | K40: =IF(SUM($G$9:G40)<=$X$110,G40,$X$110-SUM($K$9:K39)) -> 0 | L40: =IF(K40<>0,H40,0) -> 0 | M40: =K40*L40 -> 0 | O40: =G40-K40 -> 0 | P40: =IF(O40<>0,H40,0) -> 0 | Q40: =IF(O40*P40=0,Q39,O40*P40) -> 0 | S40: =IF(DATOS!O51=DATOS!$Q$21,DATOS!I51," -- ") -> -- | T40: =IF(DATOS!O51=DATOS!$Q$21,DATOS!J51," -- ") -> -- | U40: =IF(DATOS!O51=DATOS!$Q$21,DATOS!K51," -- ") -> -- | W40: =IF(DATOS!O51=DATOS!$Q$22,DATOS!E51," -- ") -> -- | X40: =IF(DATOS!O51=DATOS!$Q$22,DATOS!H51," -- ") -> -- | Z40: =IF(DATOS!O51=DATOS!$Q$22,DATOS!I51," -- ") -> -- | AA40: =IF(DATOS!O51=DATOS!$Q$22,DATOS!J51," -- ") -> -- | AB40: =IF(DATOS!O51=DATOS!$Q$22,DATOS!K51," -- ") -> --
... D109: 100 | E109: =IF(DATOS!O120=DATOS!$Q$21,DATOS!E120,"--") -> -- | G109: =IF(DATOS!O120=DATOS!$Q$21,DATOS!F120,0) -> 0 | H109: =IF(DATOS!O120=DATOS!$Q$21,DATOS!G120,0) -> 0 | I109: =G109*H109 -> 0 | K109: =IF(SUM($G$9:G109)<=$X$110,G109,$X$110-SUM($K$9:K108)) -> 0 | L109: =IF(K109<>0,H109,0) -> 0 | M109: =K109*L109 -> 0 | O109: =G109-K109 -> 0 | P109: =IF(O109<>0,H109,0) -> 0 | Q109: =IF(O109*P109=0,Q108,O109*P109) -> 0 | S109: =IF(DATOS!O120=DATOS!$Q$21,DATOS!I120," -- ") -> -- | T109: =IF(DATOS!O120=DATOS!$Q$21,DATOS!J120," -- ") -> -- | U109: =IF(DATOS!O120=DATOS!$Q$21,DATOS!K120," -- ") -> -- | W109: =IF(DATOS!O120=DATOS!$Q$22,DATOS!E120," -- ") -> -- | X109: =IF(DATOS!O120=DATOS!$Q$22,DATOS!H120," -- ") -> -- | Z109: =IF(DATOS!O120=DATOS!$Q$22,DATOS!I120," -- ") -> -- | AA109: =IF(DATOS!O120=DATOS!$Q$22,DATOS!J120," -- ") -> -- | AB109: =IF(DATOS!O120=DATOS!$Q$22,DATOS!K120," -- ") -> --
G110: =SUM(G9:G109) -> 0 | I110: =SUM(I10:I109) -> 0 | K110: =SUM(K9:K109) -> 0 | M110: =SUM(M9:M109) -> 0 | O110: =+O9+G110-K110 -> 0 | Q110: =+Q9+I110-M110 -> 0 | X110: =SUM(X9:X109) -> 0
G113: Comprobación: | H113: Coste ventas | K113: Total
H114: =+Q9+I110-Q110 -> 0 | K114: =$M$110 -> 0
H116: Diferencia
H117: =H114-K114 -> 0
D282: Uso de la hoja
D284: Para obtener resultados aquí, debes haber configurado correctamente el libro (hoja CO)
D285: Esta hoja te ofrece los cálculos de la valoración según el método PEPS/FIFO.
D286: En la parte superior de la hoja tienes el resumen final de los valores de la valoración y un aviso que te indica si el inventario está cuadrado o no.
D287: Los cálculos se realizan automáticamente.
D288: Si en la hoja de configuración (CO) has utilizado las filas ocultas, recuerda también mostrarlas aquí.
D290: El método:
D291: En este método el flujo físico real es irrelevante, lo importante es que el flujo de costos supone que los primeros artículos en entrar al inventario son los primeros en ser vendidos (costos
D292: de ventas) o consumidos (costo de producción). El inventario final está formado por los últimos artículos que entraron a formar parte de los inventarios.
D294: Ventajas: Al valuar los inventarios según la corriente normal de existencias se establece una política óptima de administración de los inventarios, pues primero se venderán o enviarán a producción
D295: las mercancías o los materiales que entraron al almacén en primer lugar, lo cual propicia que, al finalizar el ejercicio las existencia del inventario final queden valuadas prácticamente a los últimos
D296: costos de adquisición o producción del periodo, por lo que con este método el inventario final mostrado en el balance general se valúa a costos actuales. Si la empresa mantiene una adecuada
... D317: Recuerda: Todos los datos proceden de la hoja anterior (CO).

Sheet UEPS
F2: =DATOS!$G$7 -> MI Empresa | I2: Valoración de existencias - MÉTODO UEPS/LIFO
D4: INV INICIAL | G4: (+) COMPRAS | K4: (-) INV. FINAL | O4: (=) COSTE VENTAS | S4: =IF(H117=0,"ok. Correcto","") -> ok. Correcto
D5: =$Q$9 -> 0 | G5: =$I$110 -> 0 | K5: =$Q$110 -> 0 | O5: =D5+G5-K5 -> 0 | S5: =IF(H117<>0,"No cuadra","")
D7: O. | E7: FECHA | G7: ENTRADAS | K7: MOVIMIENTOS | O7: SALDOS/ALMACÉN | S7: DETALLE | T7: DOCUMENTO | W7: SALIDAS | Z7: DETALLE | AA7: DOCUMENTO
G8: Unid. | H8: Precio U | I8: Total | K8: Unid. | L8: Precio U | M8: Total | O8: Unid. | P8: Precio U | Q8: Total | T8: Ref | U8: Nº Fact | W8: Fecha | X8: Unid. | AA8: Ref | AB8: Nº Fact
O9: =DATOS!$G$9 -> 0 | P9: =DATOS!$G$11 -> 0 | Q9: =O9*P9 -> 0 | S9: =DATOS!$E$13 -> Saldo INICIAL
D10: 1 | E10: =IF(DATOS!O21=DATOS!$Q$21,DATOS!E21,"--") -> -- | G10: =IF(DATOS!O21=DATOS!$Q$21,DATOS!F21,0) -> 0 | H10: =IF(DATOS!O21=DATOS!$Q$21,DATOS!G21,0) -> 0 | I10: =G10*H10 -> 0 | K10: =IF(SUM($G10:G$109)<=$X$110,G10,MAX($X$110-SUM($K11:K$109))) -> 0 | L10: =IF(K10<>0,H10,0) -> 0 | M10: =K10*L10 -> 0 | O10: =G10-K10 -> 0 | P10: =IF(O10<>0,H10,0) -> 0 | Q10: =O10*P10 -> 0 | S10: =IF(DATOS!O21=DATOS!$Q$21,DATOS!I21," -- ") -> -- | T10: =IF(DATOS!O21=DATOS!$Q$21,DATOS!J21," -- ") -> -- | U10: =IF(DATOS!O21=DATOS!$Q$21,DATOS!K21," -- ") -> -- | W10: =IF(DATOS!O21=DATOS!$Q$22,DATOS!E21," -- ") -> -- | X10: =IF(DATOS!O21=DATOS!$Q$22,DATOS!H21," -- ") -> -- | Z10: =IF(DATOS!O21=DATOS!$Q$22,DATOS!I21," -- ") -> -- | AA10: =IF(DATOS!O21=DATOS!$Q$22,DATOS!J21," -- ") -> -- | AB10: =IF(DATOS!O21=DATOS!$Q$22,DATOS!K21," -- ") -> --
D11: 2 | E11: =IF(DATOS!O22=DATOS!$Q$21,DATOS!E22,"--") -> -- | G11: =IF(DATOS!O22=DATOS!$Q$21,DATOS!F22,0) -> 0 | H11: =IF(DATOS!O22=DATOS!$Q$21,DATOS!G22,0) -> 0 | I11: =G11*H11 -> 0 | K11: =IF(SUM($G11:G$109)<=$X$110,G11,MAX($X$110-SUM($K12:K$109))) -> 0 | L11: =IF(K11<>0,H11,0) -> 0 | M11: =K11*L11 -> 0 | O11: =G11-K11 -> 0 | P11: =IF(O11<>0,H11,0) -> 0 | Q11: =O11*P11 -> 0 | S11: =IF(DATOS!O22=DATOS!$Q$21,DATOS!I22," -- ") -> -- | T11: =IF(DATOS!O22=DATOS!$Q$21,DATOS!J22," -- ") -> -- | U11: =IF(DATOS!O22=DATOS!$Q$21,DATOS!K22," -- ") -> -- | W11: =IF(DATOS!O22=DATOS!$Q$22,DATOS!E22," -- ") -> -- | X11: =IF(DATOS!O22=DATOS!$Q$22,DATOS!H22," -- ") -> -- | Z11: =IF(DATOS!O22=DATOS!$Q$22,DATOS!I22," -- ") -> -- | AA11: =IF(DATOS!O22=DATOS!$Q$22,DATOS!J22," -- ") -> -- | AB11: =IF(DATOS!O22=DATOS!$Q$22,DATOS!K22," -- ") -> --
D12: 3 | E12: =IF(DATOS!O23=DATOS!$Q$21,DATOS!E23,"--") -> -- | G12: =IF(DATOS!O23=DATOS!$Q$21,DATOS!F23,0) -> 0 | H12: =IF(DATOS!O23=DATOS!$Q$21,DATOS!G23,0) -> 0 | I12: =G12*H12 -> 0 | K12: =IF(SUM($G12:G$109)<=$X$110,G12,MAX($X$110-SUM($K13:K$109))) -> 0 | L12: =IF(K12<>0,H12,0) -> 0 | M12: =K12*L12 -> 0 | O12: =G12-K12 -> 0 | P12: =IF(O12<>0,H12,0) -> 0 | Q12: =O12*P12 -> 0 | S12: =IF(DATOS!O23=DATOS!$Q$21,DATOS!I23," -- ") -> -- | T12: =IF(DATOS!O23=DATOS!$Q$21,DATOS!J23," -- ") -> -- | U12: =IF(DATOS!O23=DATOS!$Q$21,DATOS!K23," -- ") -> -- | W12: =IF(DATOS!O23=DATOS!$Q$22,DATOS!E23," -- ") -> -- | X12: =IF(DATOS!O23=DATOS!$Q$22,DATOS!H23," -- ") -> -- | Z12: =IF(DATOS!O23=DATOS!$Q$22,DATOS!I23," -- ") -> -- | AA12: =IF(DATOS!O23=DATOS!$Q$22,DATOS!J23," -- ") -> -- | AB12: =IF(DATOS!O23=DATOS!$Q$22,DATOS!K23," -- ") -> --
D13: 4 | E13: =IF(DATOS!O24=DATOS!$Q$21,DATOS!E24,"--") -> -- | G13: =IF(DATOS!O24=DATOS!$Q$21,DATOS!F24,0) -> 0 | H13: =IF(DATOS!O24=DATOS!$Q$21,DATOS!G24,0) -> 0 | I13: =G13*H13 -> 0 | K13: =IF(SUM($G13:G$109)<=$X$110,G13,MAX($X$110-SUM($K14:K$109))) -> 0 | L13: =IF(K13<>0,H13,0) -> 0 | M13: =K13*L13 -> 0 | O13: =G13-K13 -> 0 | P13: =IF(O13<>0,H13,0) -> 0 | Q13: =O13*P13 -> 0 | S13: =IF(DATOS!O24=DATOS!$Q$21,DATOS!I24," -- ") -> -- | T13: =IF(DATOS!O24=DATOS!$Q$21,DATOS!J24," -- ") -> -- | U13: =IF(DATOS!O24=DATOS!$Q$21,DATOS!K24," -- ") -> -- | W13: =IF(DATOS!O24=DATOS!$Q$22,DATOS!E24," -- ") -> -- | X13: =IF(DATOS!O24=DATOS!$Q$22,DATOS!H24," -- ") -> -- | Z13: =IF(DATOS!O24=DATOS!$Q$22,DATOS!I24," -- ") -> -- | AA13: =IF(DATOS!O24=DATOS!$Q$22,DATOS!J24," -- ") -> -- | AB13: =IF(DATOS!O24=DATOS!$Q$22,DATOS!K24," -- ") -> --
D14: 5 | E14: =IF(DATOS!O25=DATOS!$Q$21,DATOS!E25,"--") -> -- | G14: =IF(DATOS!O25=DATOS!$Q$21,DATOS!F25,0) -> 0 | H14: =IF(DATOS!O25=DATOS!$Q$21,DATOS!G25,0) -> 0 | I14: =G14*H14 -> 0 | K14: =IF(SUM($G14:G$109)<=$X$110,G14,MAX($X$110-SUM($K15:K$109))) -> 0 | L14: =IF(K14<>0,H14,0) -> 0 | M14: =K14*L14 -> 0 | O14: =G14-K14 -> 0 | P14: =IF(O14<>0,H14,0) -> 0 | Q14: =O14*P14 -> 0 | S14: =IF(DATOS!O25=DATOS!$Q$21,DATOS!I25," -- ") -> -- | T14: =IF(DATOS!O25=DATOS!$Q$21,DATOS!J25," -- ") -> -- | U14: =IF(DATOS!O25=DATOS!$Q$21,DATOS!K25," -- ") -> -- | W14: =IF(DATOS!O25=DATOS!$Q$22,DATOS!E25," -- ") -> -- | X14: =IF(DATOS!O25=DATOS!$Q$22,DATOS!H25," -- ") -> -- | Z14: =IF(DATOS!O25=DATOS!$Q$22,DATOS!I25," -- ") -> -- | AA14: =IF(DATOS!O25=DATOS!$Q$22,DATOS!J25," -- ") -> -- | AB14: =IF(DATOS!O25=DATOS!$Q$22,DATOS!K25," -- ") -> --
D15: 6 | E15: =IF(DATOS!O26=DATOS!$Q$21,DATOS!E26,"--") -> -- | G15: =IF(DATOS!O26=DATOS!$Q$21,DATOS!F26,0) -> 0 | H15: =IF(DATOS!O26=DATOS!$Q$21,DATOS!G26,0) -> 0 | I15: =G15*H15 -> 0 | K15: =IF(SUM($G15:G$109)<=$X$110,G15,MAX($X$110-SUM($K16:K$109))) -> 0 | L15: =IF(K15<>0,H15,0) -> 0 | M15: =K15*L15 -> 0 | O15: =G15-K15 -> 0 | P15: =IF(O15<>0,H15,0) -> 0 | Q15: =O15*P15 -> 0 | S15: =IF(DATOS!O26=DATOS!$Q$21,DATOS!I26," -- ") -> -- | T15: =IF(DATOS!O26=DATOS!$Q$21,DATOS!J26," -- ") -> -- | U15: =IF(DATOS!O26=DATOS!$Q$21,DATOS!K26," -- ") -> -- | W15: =IF(DATOS!O26=DATOS!$Q$22,DATOS!E26," -- ") -> -- | X15: =IF(DATOS!O26=DATOS!$Q$22,DATOS!H26," -- ") -> -- | Z15: =IF(DATOS!O26=DATOS!$Q$22,DATOS!I26," -- ") -> -- | AA15: =IF(DATOS!O26=DATOS!$Q$22,DATOS!J26," -- ") -> -- | AB15: =IF(DATOS!O26=DATOS!$Q$22,DATOS!K26," -- ") -> --
D16: 7 | E16: =IF(DATOS!O27=DATOS!$Q$21,DATOS!E27,"--") -> -- | G16: =IF(DATOS!O27=DATOS!$Q$21,DATOS!F27,0) -> 0 | H16: =IF(DATOS!O27=DATOS!$Q$21,DATOS!G27,0) -> 0 | I16: =G16*H16 -> 0 | K16: =IF(SUM($G16:G$109)<=$X$110,G16,MAX($X$110-SUM($K17:K$109))) -> 0 | L16: =IF(K16<>0,H16,0) -> 0 | M16: =K16*L16 -> 0 | O16: =G16-K16 -> 0 | P16: =IF(O16<>0,H16,0) -> 0 | Q16: =O16*P16 -> 0 | S16: =IF(DATOS!O27=DATOS!$Q$21,DATOS!I27," -- ") -> -- | T16: =IF(DATOS!O27=DATOS!$Q$21,DATOS!J27," -- ") -> -- | U16: =IF(DATOS!O27=DATOS!$Q$21,DATOS!K27," -- ") -> -- | W16: =IF(DATOS!O27=DATOS!$Q$22,DATOS!E27," -- ") -> -- | X16: =IF(DATOS!O27=DATOS!$Q$22,DATOS!H27," -- ") -> -- | Z16: =IF(DATOS!O27=DATOS!$Q$22,DATOS!I27," -- ") -> -- | AA16: =IF(DATOS!O27=DATOS!$Q$22,DATOS!J27," -- ") -> -- | AB16: =IF(DATOS!O27=DATOS!$Q$22,DATOS!K27," -- ") -> --
D17: 8 | E17: =IF(DATOS!O28=DATOS!$Q$21,DATOS!E28,"--") -> -- | G17: =IF(DATOS!O28=DATOS!$Q$21,DATOS!F28,0) -> 0 | H17: =IF(DATOS!O28=DATOS!$Q$21,DATOS!G28,0) -> 0 | I17: =G17*H17 -> 0 | K17: =IF(SUM($G17:G$109)<=$X$110,G17,MAX($X$110-SUM($K18:K$109))) -> 0 | L17: =IF(K17<>0,H17,0) -> 0 | M17: =K17*L17 -> 0 | O17: =G17-K17 -> 0 | P17: =IF(O17<>0,H17,0) -> 0 | Q17: =O17*P17 -> 0 | S17: =IF(DATOS!O28=DATOS!$Q$21,DATOS!I28," -- ") -> -- | T17: =IF(DATOS!O28=DATOS!$Q$21,DATOS!J28," -- ") -> -- | U17: =IF(DATOS!O28=DATOS!$Q$21,DATOS!K28," -- ") -> -- | W17: =IF(DATOS!O28=DATOS!$Q$22,DATOS!E28," -- ") -> -- | X17: =IF(DATOS!O28=DATOS!$Q$22,DATOS!H28," -- ") -> -- | Z17: =IF(DATOS!O28=DATOS!$Q$22,DATOS!I28," -- ") -> -- | AA17: =IF(DATOS!O28=DATOS!$Q$22,DATOS!J28," -- ") -> -- | AB17: =IF(DATOS!O28=DATOS!$Q$22,DATOS!K28," -- ") -> --
D18: 9 | E18: =IF(DATOS!O29=DATOS!$Q$21,DATOS!E29,"--") -> -- | G18: =IF(DATOS!O29=DATOS!$Q$21,DATOS!F29,0) -> 0 | H18: =IF(DATOS!O29=DATOS!$Q$21,DATOS!G29,0) -> 0 | I18: =G18*H18 -> 0 | K18: =IF(SUM($G18:G$109)<=$X$110,G18,MAX($X$110-SUM($K19:K$109))) -> 0 | L18: =IF(K18<>0,H18,0) -> 0 | M18: =K18*L18 -> 0 | O18: =G18-K18 -> 0 | P18: =IF(O18<>0,H18,0) -> 0 | Q18: =O18*P18 -> 0 | S18: =IF(DATOS!O29=DATOS!$Q$21,DATOS!I29," -- ") -> -- | T18: =IF(DATOS!O29=DATOS!$Q$21,DATOS!J29," -- ") -> -- | U18: =IF(DATOS!O29=DATOS!$Q$21,DATOS!K29," -- ") -> -- | W18: =IF(DATOS!O29=DATOS!$Q$22,DATOS!E29," -- ") -> -- | X18: =IF(DATOS!O29=DATOS!$Q$22,DATOS!H29," -- ") -> -- | Z18: =IF(DATOS!O29=DATOS!$Q$22,DATOS!I29," -- ") -> -- | AA18: =IF(DATOS!O29=DATOS!$Q$22,DATOS!J29," -- ") -> -- | AB18: =IF(DATOS!O29=DATOS!$Q$22,DATOS!K29," -- ") -> --
D19: 10 | E19: =IF(DATOS!O30=DATOS!$Q$21,DATOS!E30,"--") -> -- | G19: =IF(DATOS!O30=DATOS!$Q$21,DATOS!F30,0) -> 0 | H19: =IF(DATOS!O30=DATOS!$Q$21,DATOS!G30,0) -> 0 | I19: =G19*H19 -> 0 | K19: =IF(SUM($G19:G$109)<=$X$110,G19,MAX($X$110-SUM($K20:K$109))) -> 0 | L19: =IF(K19<>0,H19,0) -> 0 | M19: =K19*L19 -> 0 | O19: =G19-K19 -> 0 | P19: =IF(O19<>0,H19,0) -> 0 | Q19: =O19*P19 -> 0 | S19: =IF(DATOS!O30=DATOS!$Q$21,DATOS!I30," -- ") -> -- | T19: =IF(DATOS!O30=DATOS!$Q$21,DATOS!J30," -- ") -> -- | U19: =IF(DATOS!O30=DATOS!$Q$21,DATOS!K30," -- ") -> -- | W19: =IF(DATOS!O30=DATOS!$Q$22,DATOS!E30," -- ") -> -- | X19: =IF(DATOS!O30=DATOS!$Q$22,DATOS!H30," -- ") -> -- | Z19: =IF(DATOS!O30=DATOS!$Q$22,DATOS!I30," -- ") -> -- | AA19: =IF(DATOS!O30=DATOS!$Q$22,DATOS!J30," -- ") -> -- | AB19: =IF(DATOS!O30=DATOS!$Q$22,DATOS!K30," -- ") -> --
D20: 11 | E20: =IF(DATOS!O31=DATOS!$Q$21,DATOS!E31,"--") -> -- | G20: =IF(DATOS!O31=DATOS!$Q$21,DATOS!F31,0) -> 0 | H20: =IF(DATOS!O31=DATOS!$Q$21,DATOS!G31,0) -> 0 | I20: =G20*H20 -> 0 | K20: =IF(SUM($G20:G$109)<=$X$110,G20,MAX($X$110-SUM($K21:K$109))) -> 0 | L20: =IF(K20<>0,H20,0) -> 0 | M20: =K20*L20 -> 0 | O20: =G20-K20 -> 0 | P20: =IF(O20<>0,H20,0) -> 0 | Q20: =O20*P20 -> 0 | S20: =IF(DATOS!O31=DATOS!$Q$21,DATOS!I31," -- ") -> -- | T20: =IF(DATOS!O31=DATOS!$Q$21,DATOS!J31," -- ") -> -- | U20: =IF(DATOS!O31=DATOS!$Q$21,DATOS!K31," -- ") -> -- | W20: =IF(DATOS!O31=DATOS!$Q$22,DATOS!E31," -- ") -> -- | X20: =IF(DATOS!O31=DATOS!$Q$22,DATOS!H31," -- ") -> -- | Z20: =IF(DATOS!O31=DATOS!$Q$22,DATOS!I31," -- ") -> -- | AA20: =IF(DATOS!O31=DATOS!$Q$22,DATOS!J31," -- ") -> -- | AB20: =IF(DATOS!O31=DATOS!$Q$22,DATOS!K31," -- ") -> --
D21: 12 | E21: =IF(DATOS!O32=DATOS!$Q$21,DATOS!E32,"--") -> -- | G21: =IF(DATOS!O32=DATOS!$Q$21,DATOS!F32,0) -> 0 | H21: =IF(DATOS!O32=DATOS!$Q$21,DATOS!G32,0) -> 0 | I21: =G21*H21 -> 0 | K21: =IF(SUM($G21:G$109)<=$X$110,G21,MAX($X$110-SUM($K22:K$109))) -> 0 | L21: =IF(K21<>0,H21,0) -> 0 | M21: =K21*L21 -> 0 | O21: =G21-K21 -> 0 | P21: =IF(O21<>0,H21,0) -> 0 | Q21: =O21*P21 -> 0 | S21: =IF(DATOS!O32=DATOS!$Q$21,DATOS!I32," -- ") -> -- | T21: =IF(DATOS!O32=DATOS!$Q$21,DATOS!J32," -- ") -> -- | U21: =IF(DATOS!O32=DATOS!$Q$21,DATOS!K32," -- ") -> -- | W21: =IF(DATOS!O32=DATOS!$Q$22,DATOS!E32," -- ") -> -- | X21: =IF(DATOS!O32=DATOS!$Q$22,DATOS!H32," -- ") -> -- | Z21: =IF(DATOS!O32=DATOS!$Q$22,DATOS!I32," -- ") -> -- | AA21: =IF(DATOS!O32=DATOS!$Q$22,DATOS!J32," -- ") -> -- | AB21: =IF(DATOS!O32=DATOS!$Q$22,DATOS!K32," -- ") -> --
... D27: 18 | E27: =IF(DATOS!O38=DATOS!$Q$21,DATOS!E38,"--") -> -- | G27: =IF(DATOS!O38=DATOS!$Q$21,DATOS!F38,0) -> 0 | H27: =IF(DATOS!O38=DATOS!$Q$21,DATOS!G38,0) -> 0 | I27: =G27*H27 -> 0 | K27: =IF(SUM($G27:G$109)<=$X$110,G27,MAX($X$110-SUM($K28:K$109))) -> 0 | L27: =IF(K27<>0,H27,0) -> 0 | M27: =K27*L27 -> 0 | O27: =G27-K27 -> 0 | P27: =IF(O27<>0,H27,0) -> 0 | Q27: =O27*P27 -> 0 | S27: =IF(DATOS!O38=DATOS!$Q$21,DATOS!I38," -- ") -> -- | T27: =IF(DATOS!O38=DATOS!$Q$21,DATOS!J38," -- ") -> -- | U27: =IF(DATOS!O38=DATOS!$Q$21,DATOS!K38," -- ") -> -- | W27: =IF(DATOS!O38=DATOS!$Q$22,DATOS!E38," -- ") -> -- | X27: =IF(DATOS!O38=DATOS!$Q$22,DATOS!H38," -- ") -> -- | Z27: =IF(DATOS!O38=DATOS!$Q$22,DATOS!I38," -- ") -> -- | AA27: =IF(DATOS!O38=DATOS!$Q$22,DATOS!J38," -- ") -> -- | AB27: =IF(DATOS!O38=DATOS!$Q$22,DATOS!K38," -- ") -> --
C28: ↓ | D28: 19 | E28: =IF(DATOS!O39=DATOS!$Q$21,DATOS!E39,"--") -> -- | G28: =IF(DATOS!O39=DATOS!$Q$21,DATOS!F39,0) -> 0 | H28: =IF(DATOS!O39=DATOS!$Q$21,DATOS!G39,0) -> 0 | I28: =G28*H28 -> 0 | K28: =IF(SUM($G28:G$109)<=$X$110,G28,MAX($X$110-SUM($K29:K$109))) -> 0 | L28: =IF(K28<>0,H28,0) -> 0 | M28: =K28*L28 -> 0 | O28: =G28-K28 -> 0 | P28: =IF(O28<>0,H28,0) -> 0 | Q28: =O28*P28 -> 0 | S28: =IF(DATOS!O39=DATOS!$Q$21,DATOS!I39," -- ") -> -- | T28: =IF(DATOS!O39=DATOS!$Q$21,DATOS!J39," -- ") -> -- | U28: =IF(DATOS!O39=DATOS!$Q$21,DATOS!K39," -- ") -> -- | W28: =IF(DATOS!O39=DATOS!$Q$22,DATOS!E39," -- ") -> -- | X28: =IF(DATOS!O39=DATOS!$Q$22,DATOS!H39," -- ") -> -- | Z28: =IF(DATOS!O39=DATOS!$Q$22,DATOS!I39," -- ") -> -- | AA28: =IF(DATOS!O39=DATOS!$Q$22,DATOS!J39," -- ") -> -- | AB28: =IF(DATOS!O39=DATOS!$Q$22,DATOS!K39," -- ") -> --
D29: 20 | E29: =IF(DATOS!O40=DATOS!$Q$21,DATOS!E40,"--") -> -- | G29: =IF(DATOS!O40=DATOS!$Q$21,DATOS!F40,0) -> 0 | H29: =IF(DATOS!O40=DATOS!$Q$21,DATOS!G40,0) -> 0 | I29: =G29*H29 -> 0 | K29: =IF(SUM($G29:G$109)<=$X$110,G29,MAX($X$110-SUM($K30:K$109))) -> 0 | L29: =IF(K29<>0,H29,0) -> 0 | M29: =K29*L29 -> 0 | O29: =G29-K29 -> 0 | P29: =IF(O29<>0,H29,0) -> 0 | Q29: =O29*P29 -> 0 | S29: =IF(DATOS!O40=DATOS!$Q$21,DATOS!I40," -- ") -> -- | T29: =IF(DATOS!O40=DATOS!$Q$21,DATOS!J40," -- ") -> -- | U29: =IF(DATOS!O40=DATOS!$Q$21,DATOS!K40," -- ") -> -- | W29: =IF(DATOS!O40=DATOS!$Q$22,DATOS!E40," -- ") -> -- | X29: =IF(DATOS!O40=DATOS!$Q$22,DATOS!H40," -- ") -> -- | Z29: =IF(DATOS!O40=DATOS!$Q$22,DATOS!I40," -- ") -> -- | AA29: =IF(DATOS!O40=DATOS!$Q$22,DATOS!J40," -- ") -> -- | AB29: =IF(DATOS!O40=DATOS!$Q$22,DATOS!K40," -- ") -> --
D30: 21 | E30: =IF(DATOS!O41=DATOS!$Q$21,DATOS!E41,"--") -> -- | G30: =IF(DATOS!O41=DATOS!$Q$21,DATOS!F41,0) -> 0 | H30: =IF(DATOS!O41=DATOS!$Q$21,DATOS!G41,0) -> 0 | I30: =G30*H30 -> 0 | K30: =IF(SUM($G30:G$109)<=$X$110,G30,MAX($X$110-SUM($K31:K$109))) -> 0 | L30: =IF(K30<>0,H30,0) -> 0 | M30: =K30*L30 -> 0 | O30: =G30-K30 -> 0 | P30: =IF(O30<>0,H30,0) -> 0 | Q30: =O30*P30 -> 0 | S30: =IF(DATOS!O41=DATOS!$Q$21,DATOS!I41," -- ") -> -- | T30: =IF(DATOS!O41=DATOS!$Q$21,DATOS!J41," -- ") -> -- | U30: =IF(DATOS!O41=DATOS!$Q$21,DATOS!K41," -- ") -> -- | W30: =IF(DATOS!O41=DATOS!$Q$22,DATOS!E41," -- ") -> -- | X30: =IF(DATOS!O41=DATOS!$Q$22,DATOS!H41," -- ") -> -- | Z30: =IF(DATOS!O41=DATOS!$Q$22,DATOS!I41," -- ") -> -- | AA30: =IF(DATOS!O41=DATOS!$Q$22,DATOS!J41," -- ") -> -- | AB30: =IF(DATOS!O41=DATOS!$Q$22,DATOS!K41," -- ") -> --
D31: 22 | E31: =IF(DATOS!O42=DATOS!$Q$21,DATOS!E42,"--") -> -- | G31: =IF(DATOS!O42=DATOS!$Q$21,DATOS!F42,0) -> 0 | H31: =IF(DATOS!O42=DATOS!$Q$21,DATOS!G42,0) -> 0 | I31: =G31*H31 -> 0 | K31: =IF(SUM($G31:G$109)<=$X$110,G31,MAX($X$110-SUM($K32:K$109))) -> 0 | L31: =IF(K31<>0,H31,0) -> 0 | M31: =K31*L31 -> 0 | O31: =G31-K31 -> 0 | P31: =IF(O31<>0,H31,0) -> 0 | Q31: =O31*P31 -> 0 | S31: =IF(DATOS!O42=DATOS!$Q$21,DATOS!I42," -- ") -> -- | T31: =IF(DATOS!O42=DATOS!$Q$21,DATOS!J42," -- ") -> -- | U31: =IF(DATOS!O42=DATOS!$Q$21,DATOS!K42," -- ") -> -- | W31: =IF(DATOS!O42=DATOS!$Q$22,DATOS!E42," -- ") -> -- | X31: =IF(DATOS!O42=DATOS!$Q$22,DATOS!H42," -- ") -> -- | Z31: =IF(DATOS!O42=DATOS!$Q$22,DATOS!I42," -- ") -> -- | AA31: =IF(DATOS!O42=DATOS!$Q$22,DATOS!J42," -- ") -> -- | AB31: =IF(DATOS!O42=DATOS!$Q$22,DATOS!K42," -- ") -> --
D32: 23 | E32: =IF(DATOS!O43=DATOS!$Q$21,DATOS!E43,"--") -> -- | G32: =IF(DATOS!O43=DATOS!$Q$21,DATOS!F43,0) -> 0 | H32: =IF(DATOS!O43=DATOS!$Q$21,DATOS!G43,0) -> 0 | I32: =G32*H32 -> 0 | K32: =IF(SUM($G32:G$109)<=$X$110,G32,MAX($X$110-SUM($K33:K$109))) -> 0 | L32: =IF(K32<>0,H32,0) -> 0 | M32: =K32*L32 -> 0 | O32: =G32-K32 -> 0 | P32: =IF(O32<>0,H32,0) -> 0 | Q32: =O32*P32 -> 0 | S32: =IF(DATOS!O43=DATOS!$Q$21,DATOS!I43," -- ") -> -- | T32: =IF(DATOS!O43=DATOS!$Q$21,DATOS!J43," -- ") -> -- | U32: =IF(DATOS!O43=DATOS!$Q$21,DATOS!K43," -- ") -> -- | W32: =IF(DATOS!O43=DATOS!$Q$22,DATOS!E43," -- ") -> -- | X32: =IF(DATOS!O43=DATOS!$Q$22,DATOS!H43," -- ") -> -- | Z32: =IF(DATOS!O43=DATOS!$Q$22,DATOS!I43," -- ") -> -- | AA32: =IF(DATOS!O43=DATOS!$Q$22,DATOS!J43," -- ") -> -- | AB32: =IF(DATOS!O43=DATOS!$Q$22,DATOS!K43," -- ") -> --
D33: 24 | E33: =IF(DATOS!O44=DATOS!$Q$21,DATOS!E44,"--") -> -- | G33: =IF(DATOS!O44=DATOS!$Q$21,DATOS!F44,0) -> 0 | H33: =IF(DATOS!O44=DATOS!$Q$21,DATOS!G44,0) -> 0 | I33: =G33*H33 -> 0 | K33: =IF(SUM($G33:G$109)<=$X$110,G33,MAX($X$110-SUM($K34:K$109))) -> 0 | L33: =IF(K33<>0,H33,0) -> 0 | M33: =K33*L33 -> 0 | O33: =G33-K33 -> 0 | P33: =IF(O33<>0,H33,0) -> 0 | Q33: =O33*P33 -> 0 | S33: =IF(DATOS!O44=DATOS!$Q$21,DATOS!I44," -- ") -> -- | T33: =IF(DATOS!O44=DATOS!$Q$21,DATOS!J44," -- ") -> -- | U33: =IF(DATOS!O44=DATOS!$Q$21,DATOS!K44," -- ") -> -- | W33: =IF(DATOS!O44=DATOS!$Q$22,DATOS!E44," -- ") -> -- | X33: =IF(DATOS!O44=DATOS!$Q$22,DATOS!H44," -- ") -> -- | Z33: =IF(DATOS!O44=DATOS!$Q$22,DATOS!I44," -- ") -> -- | AA33: =IF(DATOS!O44=DATOS!$Q$22,DATOS!J44," -- ") -> -- | AB33: =IF(DATOS!O44=DATOS!$Q$22,DATOS!K44," -- ") -> --
D34: 25 | E34: =IF(DATOS!O45=DATOS!$Q$21,DATOS!E45,"--") -> -- | G34: =IF(DATOS!O45=DATOS!$Q$21,DATOS!F45,0) -> 0 | H34: =IF(DATOS!O45=DATOS!$Q$21,DATOS!G45,0) -> 0 | I34: =G34*H34 -> 0 | K34: =IF(SUM($G34:G$109)<=$X$110,G34,MAX($X$110-SUM($K35:K$109))) -> 0 | L34: =IF(K34<>0,H34,0) -> 0 | M34: =K34*L34 -> 0 | O34: =G34-K34 -> 0 | P34: =IF(O34<>0,H34,0) -> 0 | Q34: =O34*P34 -> 0 | S34: =IF(DATOS!O45=DATOS!$Q$21,DATOS!I45," -- ") -> -- | T34: =IF(DATOS!O45=DATOS!$Q$21,DATOS!J45," -- ") -> -- | U34: =IF(DATOS!O45=DATOS!$Q$21,DATOS!K45," -- ") -> -- | W34: =IF(DATOS!O45=DATOS!$Q$22,DATOS!E45," -- ") -> -- | X34: =IF(DATOS!O45=DATOS!$Q$22,DATOS!H45," -- ") -> -- | Z34: =IF(DATOS!O45=DATOS!$Q$22,DATOS!I45," -- ") -> -- | AA34: =IF(DATOS!O45=DATOS!$Q$22,DATOS!J45," -- ") -> -- | AB34: =IF(DATOS!O45=DATOS!$Q$22,DATOS!K45," -- ") -> --
D35: 26 | E35: =IF(DATOS!O46=DATOS!$Q$21,DATOS!E46,"--") -> -- | G35: =IF(DATOS!O46=DATOS!$Q$21,DATOS!F46,0) -> 0 | H35: =IF(DATOS!O46=DATOS!$Q$21,DATOS!G46,0) -> 0 | I35: =G35*H35 -> 0 | K35: =IF(SUM($G35:G$109)<=$X$110,G35,MAX($X$110-SUM($K36:K$109))) -> 0 | L35: =IF(K35<>0,H35,0) -> 0 | M35: =K35*L35 -> 0 | O35: =G35-K35 -> 0 | P35: =IF(O35<>0,H35,0) -> 0 | Q35: =O35*P35 -> 0 | S35: =IF(DATOS!O46=DATOS!$Q$21,DATOS!I46," -- ") -> -- | T35: =IF(DATOS!O46=DATOS!$Q$21,DATOS!J46," -- ") -> -- | U35: =IF(DATOS!O46=DATOS!$Q$21,DATOS!K46," -- ") -> -- | W35: =IF(DATOS!O46=DATOS!$Q$22,DATOS!E46," -- ") -> -- | X35: =IF(DATOS!O46=DATOS!$Q$22,DATOS!H46," -- ") -> -- | Z35: =IF(DATOS!O46=DATOS!$Q$22,DATOS!I46," -- ") -> -- | AA35: =IF(DATOS!O46=DATOS!$Q$22,DATOS!J46," -- ") -> -- | AB35: =IF(DATOS!O46=DATOS!$Q$22,DATOS!K46," -- ") -> --
D36: 27 | E36: =IF(DATOS!O47=DATOS!$Q$21,DATOS!E47,"--") -> -- | G36: =IF(DATOS!O47=DATOS!$Q$21,DATOS!F47,0) -> 0 | H36: =IF(DATOS!O47=DATOS!$Q$21,DATOS!G47,0) -> 0 | I36: =G36*H36 -> 0 | K36: =IF(SUM($G36:G$109)<=$X$110,G36,MAX($X$110-SUM($K37:K$109))) -> 0 | L36: =IF(K36<>0,H36,0) -> 0 | M36: =K36*L36 -> 0 | O36: =G36-K36 -> 0 | P36: =IF(O36<>0,H36,0) -> 0 | Q36: =O36*P36 -> 0 | S36: =IF(DATOS!O47=DATOS!$Q$21,DATOS!I47," -- ") -> -- | T36: =IF(DATOS!O47=DATOS!$Q$21,DATOS!J47," -- ") -> -- | U36: =IF(DATOS!O47=DATOS!$Q$21,DATOS!K47," -- ") -> -- | W36: =IF(DATOS!O47=DATOS!$Q$22,DATOS!E47," -- ") -> -- | X36: =IF(DATOS!O47=DATOS!$Q$22,DATOS!H47," -- ") -> -- | Z36: =IF(DATOS!O47=DATOS!$Q$22,DATOS!I47," -- ") -> -- | AA36: =IF(DATOS!O47=DATOS!$Q$22,DATOS!J47," -- ") -> -- | AB36: =IF(DATOS!O47=DATOS!$Q$22,DATOS!K47," -- ") -> --
D37: 28 | E37: =IF(DATOS!O48=DATOS!$Q$21,DATOS!E48,"--") -> -- | G37: =IF(DATOS!O48=DATOS!$Q$21,DATOS!F48,0) -> 0 | H37: =IF(DATOS!O48=DATOS!$Q$21,DATOS!G48,0) -> 0 | I37: =G37*H37 -> 0 | K37: =IF(SUM($G37:G$109)<=$X$110,G37,MAX($X$110-SUM($K38:K$109))) -> 0 | L37: =IF(K37<>0,H37,0) -> 0 | M37: =K37*L37 -> 0 | O37: =G37-K37 -> 0 | P37: =IF(O37<>0,H37,0) -> 0 | Q37: =O37*P37 -> 0 | S37: =IF(DATOS!O48=DATOS!$Q$21,DATOS!I48," -- ") -> -- | T37: =IF(DATOS!O48=DATOS!$Q$21,DATOS!J48," -- ") -> -- | U37: =IF(DATOS!O48=DATOS!$Q$21,DATOS!K48," -- ") -> -- | W37: =IF(DATOS!O48=DATOS!$Q$22,DATOS!E48," -- ") -> -- | X37: =IF(DATOS!O48=DATOS!$Q$22,DATOS!H48," -- ") -> -- | Z37: =IF(DATOS!O48=DATOS!$Q$22,DATOS!I48," -- ") -> -- | AA37: =IF(DATOS!O48=DATOS!$Q$22,DATOS!J48," -- ") -> -- | AB37: =IF(DATOS!O48=DATOS!$Q$22,DATOS!K48," -- ") -> --
D38: 29 | E38: =IF(DATOS!O49=DATOS!$Q$21,DATOS!E49,"--") -> -- | G38: =IF(DATOS!O49=DATOS!$Q$21,DATOS!F49,0) -> 0 | H38: =IF(DATOS!O49=DATOS!$Q$21,DATOS!G49,0) -> 0 | I38: =G38*H38 -> 0 | K38: =IF(SUM($G38:G$109)<=$X$110,G38,MAX($X$110-SUM($K39:K$109))) -> 0 | L38: =IF(K38<>0,H38,0) -> 0 | M38: =K38*L38 -> 0 | O38: =G38-K38 -> 0 | P38: =IF(O38<>0,H38,0) -> 0 | Q38: =O38*P38 -> 0 | S38: =IF(DATOS!O49=DATOS!$Q$21,DATOS!I49," -- ") -> -- | T38: =IF(DATOS!O49=DATOS!$Q$21,DATOS!J49," -- ") -> -- | U38: =IF(DATOS!O49=DATOS!$Q$21,DATOS!K49," -- ") -> -- | W38: =IF(DATOS!O49=DATOS!$Q$22,DATOS!E49," -- ") -> -- | X38: =IF(DATOS!O49=DATOS!$Q$22,DATOS!H49," -- ") -> -- | Z38: =IF(DATOS!O49=DATOS!$Q$22,DATOS!I49," -- ") -> -- | AA38: =IF(DATOS!O49=DATOS!$Q$22,DATOS!J49," -- ") -> -- | AB38: =IF(DATOS!O49=DATOS!$Q$22,DATOS!K49," -- ") -> --
D39: 30 | E39: =IF(DATOS!O50=DATOS!$Q$21,DATOS!E50,"--") -> -- | G39: =IF(DATOS!O50=DATOS!$Q$21,DATOS!F50,0) -> 0 | H39: =IF(DATOS!O50=DATOS!$Q$21,DATOS!G50,0) -> 0 | I39: =G39*H39 -> 0 | K39: =IF(SUM($G39:G$109)<=$X$110,G39,MAX($X$110-SUM($K40:K$109))) -> 0 | L39: =IF(K39<>0,H39,0) -> 0 | M39: =K39*L39 -> 0 | O39: =G39-K39 -> 0 | P39: =IF(O39<>0,H39,0) -> 0 | Q39: =O39*P39 -> 0 | S39: =IF(DATOS!O50=DATOS!$Q$21,DATOS!I50," -- ") -> -- | T39: =IF(DATOS!O50=DATOS!$Q$21,DATOS!J50," -- ") -> -- | U39: =IF(DATOS!O50=DATOS!$Q$21,DATOS!K50," -- ") -> -- | W39: =IF(DATOS!O50=DATOS!$Q$22,DATOS!E50," -- ") -> -- | X39: =IF(DATOS!O50=DATOS!$Q$22,DATOS!H50," -- ") -> -- | Z39: =IF(DATOS!O50=DATOS!$Q$22,DATOS!I50," -- ") -> -- | AA39: =IF(DATOS!O50=DATOS!$Q$22,DATOS!J50," -- ") -> -- | AB39: =IF(DATOS!O50=DATOS!$Q$22,DATOS!K50," -- ") -> --
D40: 31 | E40: =IF(DATOS!O51=DATOS!$Q$21,DATOS!E51,"--") -> -- | G40: =IF(DATOS!O51=DATOS!$Q$21,DATOS!F51,0) -> 0 | H40: =IF(DATOS!O51=DATOS!$Q$21,DATOS!G51,0) -> 0 | I40: =G40*H40 -> 0 | K40: =IF(SUM($G40:G$109)<=$X$110,G40,MAX($X$110-SUM($K41:K$109))) -> 0 | L40: =IF(K40<>0,H40,0) -> 0 | M40: =K40*L40 -> 0 | O40: =G40-K40 -> 0 | P40: =IF(O40<>0,H40,0) -> 0 | Q40: =O40*P40 -> 0 | S40: =IF(DATOS!O51=DATOS!$Q$21,DATOS!I51," -- ") -> -- | T40: =IF(DATOS!O51=DATOS!$Q$21,DATOS!J51," -- ") -> -- | U40: =IF(DATOS!O51=DATOS!$Q$21,DATOS!K51," -- ") -> -- | W40: =IF(DATOS!O51=DATOS!$Q$22,DATOS!E51," -- ") -> -- | X40: =IF(DATOS!O51=DATOS!$Q$22,DATOS!H51," -- ") -> -- | Z40: =IF(DATOS!O51=DATOS!$Q$22,DATOS!I51," -- ") -> -- | AA40: =IF(DATOS!O51=DATOS!$Q$22,DATOS!J51," -- ") -> -- | AB40: =IF(DATOS!O51=DATOS!$Q$22,DATOS!K51," -- ") -> --
... D108: 99 | E108: =IF(DATOS!O119=DATOS!$Q$21,DATOS!E119,"--") -> -- | G108: =IF(DATOS!O119=DATOS!$Q$21,DATOS!F119,0) -> 0 | H108: =IF(DATOS!O119=DATOS!$Q$21,DATOS!G119,0) -> 0 | I108: =G108*H108 -> 0 | K108: =IF(SUM($G108:G$109)<=$X$110,G108,MAX($X$110-SUM($K109:K$109))) -> 0 | L108: =IF(K108<>0,H108,0) -> 0 | M108: =K108*L108 -> 0 | O108: =G108-K108 -> 0 | P108: =IF(O108<>0,H108,0) -> 0 | Q108: =O108*P108 -> 0 | S108: =IF(DATOS!O119=DATOS!$Q$21,DATOS!I119," -- ") -> -- | T108: =IF(DATOS!O119=DATOS!$Q$21,DATOS!J119," -- ") -> -- | U108: =IF(DATOS!O119=DATOS!$Q$21,DATOS!K119," -- ") -> -- | W108: =IF(DATOS!O119=DATOS!$Q$22,DATOS!E119," -- ") -> -- | X108: =IF(DATOS!O119=DATOS!$Q$22,DATOS!H119," -- ") -> -- | Z108: =IF(DATOS!O119=DATOS!$Q$22,DATOS!I119," -- ") -> -- | AA108: =IF(DATOS!O119=DATOS!$Q$22,DATOS!J119," -- ") -> -- | AB108: =IF(DATOS!O119=DATOS!$Q$22,DATOS!K119," -- ") -> --
D109: 100 | E109: =IF(DATOS!O120=DATOS!$Q$21,DATOS!E120,"--") -> -- | G109: =IF(DATOS!O120=DATOS!$Q$21,DATOS!F120,0) -> 0 | H109: =IF(DATOS!O120=DATOS!$Q$21,DATOS!G120,0) -> 0 | I109: =G109*H109 -> 0 | K109: =IF(SUM(G109:$G$109)<=$X$110,G109,MAX($X$110-SUM(#REF!))) -> 0 | L109: =IF(K109<>0,H109,0) -> 0 | M109: =K109*L109 -> 0 | O109: =G109-K109 -> 0 | P109: =IF(O109<>0,H109,0) -> 0 | Q109: =O109*P109 -> 0 | S109: =IF(DATOS!O120=DATOS!$Q$21,DATOS!I120," -- ") -> -- | T109: =IF(DATOS!O120=DATOS!$Q$21,DATOS!J120," -- ") -> -- | U109: =IF(DATOS!O120=DATOS!$Q$21,DATOS!K120," -- ") -> -- | W109: =IF(DATOS!O120=DATOS!$Q$22,DATOS!E120," -- ") -> -- | X109: =IF(DATOS!O120=DATOS!$Q$22,DATOS!H120," -- ") -> -- | Z109: =IF(DATOS!O120=DATOS!$Q$22,DATOS!I120," -- ") -> -- | AA109: =IF(DATOS!O120=DATOS!$Q$22,DATOS!J120," -- ") -> -- | AB109: =IF(DATOS!O120=DATOS!$Q$22,DATOS!K120," -- ") -> --
G110: =SUM(G9:G109) -> 0 | I110: =SUM(I9:I109) -> 0 | K110: =SUM(K9:K109) -> 0 | M110: =SUM(M9:M109) -> 0 | O110: =SUM(O9:O109) -> 0 | Q110: =SUM(Q9:Q109) -> 0 | X110: =SUM(X9:X109) -> 0
G113: Comprobación: | H113: Coste ventas | K113: Total
H114: =+Q9+I110-Q110 -> 0 | K114: =$M$110 -> 0
H116: Diferencia
H117: =H114-K114 -> 0
D282: Uso de la hoja
D284: Para obtener resultados aquí, debes haber configurado correctamente el libro (hoja CO)
D285: Esta hoja te ofrece los cálculos de la valoración según el método UEPS/LIFO.
D286: En la parte superior de la hoja tienes el resumen final de los valores de la valuación y un aviso que te indica si el inventario está cuadrado o no.
D287: Los cálculos se realizan automáticamente.
D288: Si en la hoja de configuración (CO) has utilizado las filas ocultas, recuerda también de mostrarlas aquí.
D290: El método:
D291: En este método el flujo físico real es irrelevante, lo importante es que el flujo de costos supone que los últimos artículos que entraron a formar parte del inventario son los primeros en
D292: venderse (costos de ventas) o en consumirse (costo de producción). El inventario final está formado por los primeros artículos que entraron a formar parte de los inventarios.
D294: Ventajas: Al valuar las existencias finales a los precios de las últimas compras del ejercicio, se obtiene un costo de ventas actualizado, que permite un adecuado enfrentamiento de los ingresos
D295: con sus costos, dando cumplimiento al principio del periodo contable y el supuesto fundamental de la acumulación pues enfrenta costos actuales con ingresos actuales, dando como resultado
D296: una utilidad real y justa, que tal vez será menor que la obtenida con el método PEPS, pues origina una carga impositiva menor, lo cual redunda en beneficio para la empresa al protegerla
... D323: Recuerda: Todos los datos proceden de la hoja anterior (CO).

Sheet Comparación
G2: =DATOS!$G$7 -> MI Empresa | I2: Valoración de existencias - COMPARATIVA
D6: PRO | F6: INV INICIAL | I6: (+) COMPRAS | M6: (-) INV. FINAL | Q6: (=) COSTE VENTAS
F7: =Promedio!$D$5 -> 0 | I7: =Promedio!$G$5 -> 0 | M7: =Promedio!$K$5 -> 0 | Q7: =Promedio!$O$5 -> 0
D9: PEPS | F9: INV INICIAL | I9: (+) COMPRAS | M9: (-) INV. FINAL | Q9: (=) COSTE VENTAS
F10: =PEPS!$D$5 -> 0 | I10: =PEPS!$G$5 -> 0 | M10: =PEPS!$K$5 -> 0 | Q10: =PEPS!$O$5 -> 0
D12: UEPS | F12: INV INICIAL | I12: (+) COMPRAS | M12: (-) INV. FINAL | Q12: (=) COSTE VENTAS
F13: =UEPS!$D$5 -> 0 | I13: =UEPS!$G$5 -> 0 | M13: =UEPS!$K$5 -> 0 | Q13: =UEPS!$O$5 -> 0
V299: No borrar. Datos para gráficos
V300: =$F$6 -> INV INICIAL | W300: =$I$6 -> (+) COMPRAS | X300: =$M$6 -> (-) INV. FINAL | Y300: =$Q$6 -> (=) COSTE VENTAS
V301: =$F$7 -> 0 | W301: =$I$7 -> 0 | X301: =$M$7 -> 0 | Y301: =$Q$7 -> 0 | Z301: =$D$6 -> PRO
V302: =$F$10 -> 0 | W302: =$I$10 -> 0 | X302: =$M$10 -> 0 | Y302: =$Q$10 -> 0 | Z302: =$D$9 -> PEPS
V303: =$F$13 -> 0 | W303: =$I$13 -> 0 | X303: =$M$13 -> 0 | Y303: =$Q$13 -> 0 | Z303: =$D$12 -> UEPS
D678: Uso de la hoja
D680: Esta hoja te ofrece la comparación de los resultados de los tres métodos.
D682: Cada uno de estos métodos o sistemas, busca determinar el costo de la mercancía vendida para luego determinar la utilidad bruta, puesto
D683: que como ya se ha mencionado, el valor de la venta tiene incluido un costo que se debe determinar para saber cual es el porcentaje de utilidad
D684: que se esta manejando.
D686: El precio de venta está compuesto por el costo (costo de venta) del producto más el porcentaje de utilidad deseado por el vendedor.
D687: De aquí se puede observar la importancia que tiene el costo de ventas, pues de él depende en buena parte el porcentaje de utilidad, puesto
D688: que no siempre se puede tener control absoluto sobre el precio de venta.
